 Dungeon Crawl Stone Soup version 0.30-a0-169-g06f667207d (webtiles) character file.

Game seed: 2341560231158751932

628798 qw the Conqueror (level 27, -13/201 HPs)
             Began as a Gargoyle Fighter on Sept 30, 2022.
             Was a High Priest of Okawaru.
             Killed from afar by Bupobb the pandemonium lord (64 damage)
             ... with a great blast of fire
             ... in Pandemonium.
             The game lasted 00:41:22 (61406 turns).

qw the Conqueror (Gargoyle Fighter)                Turns: 61406, Time: 00:41:23

Health: -13/201    AC: 86    Str: 33    XL:     27
Magic:  25/25      EV: 17    Int: 21    God:    Okawaru [*****.]
Gold:   6018       SH: 27    Dex: 13    Spells: 26/26 levels left

rFire   + . .      SeeInvis .    F - +9 broad axe (vamp)
rCold   + . .      Faith    .    G - +1 tower shield {AC+3}
rNeg    + + .      Spirit   .    c - +12 gold dragon scales
rPois   inf        Reflect  .    y - -1 helmet "For Hor" {Regen+ Int+6 Stlth+}
rElec   +          Harm     .    n - +4 dragonskin cloak
rCorr   .          Rampage  .    M - +2 pair of gloves {Str+3}
Will    ++...                    f - +2 pair of boots
Stlth   ..........               C - amulet of Vitality {RegenMP++ Regen++}
HPRegen 2.83/turn                z - ring of the Octopus King {rN+ HP+2 AC+2 EV+2 SH+2}
MPRegen 0.99/turn                q - ring "Lyadd" {AC+4 Str+3 Int+3}

@: heroic, flying
A: sickness immunity, AC +20, big wings, negative energy resistance 1,
electricity resistance, torment resistance 1, petrification resistance,
iridescent scales 1, agile 1, low MP 2, sense surroundings 1, weak 1, subdued
magic 1
}: 4/15 runes: barnacled, silver, golden, gossamer
a: Renounce Religion, Heroism, Finesse, Duel


You were in Pandemonium.
You worshipped Okawaru.
Okawaru was extremely pleased with you.
You visited 11 branches of the dungeon, and saw 50 of its levels.
You visited Pandemonium 1 time, and saw 2 of its levels.
You visited the Abyss 3 times.
You also visited: Gauntlet.

You collected 12930 gold pieces.
You spent 6912 gold pieces at shops.


Innate Abilities, Weirdness & Mutations

You are immune to sickness and miasma.
Your stone body is resilient. (AC +20)
You are immune to poison.
Your large and strong wings let you fly.
You resist negative energy. (rN+)
You are resistant to electric shocks. (rElec)
You are resistant to unholy torment.
You are immune to petrification.
You are partially covered in iridescent scales. (AC +2)
You are agile. (Dex +4, Str/Int -1)
Your magical capacity is very low. (-20% MP)
You passively map a small area around you.
You are weak. (Str -2)
Your spells are a little easier to cast, but a little less powerful.


   Skills:
 O Level 27 Fighting
 - Level 20.0(25.0) Axes
 + Level 17.2(22.2) Throwing
 - Level 22.2(27) Armour
 - Level 13.0(18.0) Dodging
 - Level 22.0(27) Shields
 - Level 11.6 Invocations


You had 26 spell levels left.
You didn't know any spells.
Your spell library was empty.

Inventory:

Hand Weapons
 j - the +5 broad axe "Hios" {vorpal, Drain rPois rF+++}
   (Okawaru gifted it to you on level 3 of the Shoals)

   It inflicts extra damage upon your enemies.
   rF:        It renders you almost immune to fire.
   rPois:     It protects you from poison.
   Drain:     It drains your maximum health when unequipped.
 F - a +9 vampiric broad axe (weapon)
 S - the +2 hand axe "Uliemefa" {flame, rF+ rCorr Str-4}
   (You took it off a tengu reaver on level 5 of the Vaults)

   It burns those it strikes, dealing additional fire damage.
   Big, fiery blades are also staple armaments of hydra-hunters.
   Str:       It affects your strength (-4).
   rF:        It protects you from fire.
   rCorr:     It protects you from acid and corrosion.
Missiles
 s - 37 boomerangs
 D - 4 javelins (quivered)
Armour
 b - the +0 pair of gloves of the Learner {rN+ rCorr Dex+3 Stlth+}
   (Okawaru gifted it to you on level 5 of the Lair of Beasts)

   Dex:       It affects your dexterity (+3).
   rN:        It protects you from negative energy.
   rCorr:     It protects you from acid and corrosion.
   Stlth:     It makes you more stealthy.
 c - +12 gold dragon scales (worn)
 f - a +2 pair of boots (worn)
 m - the +4 scale mail "Feyjutt" {rF- rCorr Str+8}
   (Okawaru gifted it to you on level 2 of the Realm of Zot)

   Str:       It affects your strength (+8).
   rF:        It makes you vulnerable to fire.
   rCorr:     It protects you from acid and corrosion.
 n - the +4 dragonskin cloak (worn)
   (You took it off Tiamat on level 4 of the Realm of Zot)

   It grants the wearer a chance to resist fire, cold, poison, electricity,
   acid, and negative energy.
 u - +0 acid dragon scales
 y - the -1 helmet "For Hor" (worn) {Regen+ Int+6 Stlth+}
   (You bought it in a shop on level 3 of the Vaults)

   Int:       It affects your intelligence (+6).
   Regen:     It increases your rate of health regeneration.
   Stlth:     It makes you more stealthy.
 G - a +1 tower shield of protection (worn)
 M - a +2 pair of gloves of strength (worn)
 R - the +1 chain mail of Henotheism {Harm rN+ rCorr}
   (You found it on level 5 of the Vaults)

   rN:        It protects you from negative energy.
   rCorr:     It protects you from acid and corrosion.
   Harm:      It increases damage dealt and taken.
Jewellery
 a - a ring of ice
 q - the ring "Lyadd" (right hand) {AC+4 Str+3 Int+3}
   (You bought it in a shop on level 2 of the Depths)

   [ring of protection]

   AC:        It affects your AC (+4).
   Str:       It affects your strength (+3).
   Int:       It affects your intelligence (+3).
 v - a ring of resist corrosion
 w - a ring of resist corrosion
 z - a ring of the Octopus King (left hand) {rN+ HP+2 AC+2 EV+2 SH+2}
   (You found it on level 3 of the Tomb of the Ancients)

   [ring of positive energy]

   AC:        It affects your AC (+2).
   EV:        It affects your evasion (+2).
   rN:        It protects you from negative energy.
   HP:        It affects your health (+2).
   SH:        It affects your SH (+2).
 A - a ring of protection from cold
 C - the amulet of Vitality (around neck) {RegenMP++ Regen++}
   (You found it in a Gauntlet)

   [amulet of magic regeneration]

   It increases your rate of magic regeneration.
   Regen:     It increases your rate of health regeneration.
 E - a ring of protection from fire
 H - the amulet of Syndicalism {RegenMP rC++ Dex+3}
   (You took it off a merfolk on level 4 of the Shoals)

   [amulet of magic regeneration]

   It increases your rate of magic regeneration.
   Dex:       It affects your dexterity (+3).
   rC:        It greatly protects you from cold.
 P - the amulet "Uniom" {Acrobat rF+ rCorr Str+4}
   (You bought it in a shop on level 2 of the Depths)

   [amulet of the acrobat]

   It increases your evasion while moving and waiting.
   Str:       It affects your strength (+4).
   rF:        It protects you from fire.
   rCorr:     It protects you from acid and corrosion.
 Q - the ring "Pishin" {rF+ Str+4 Int+6}
   (You took it off a minotaur in a Gauntlet)

   [ring of intelligence]

   Str:       It affects your strength (+4).
   Int:       It affects your intelligence (+6).
   rF:        It protects you from fire.
Wands
 p - a wand of digging (21)
Scrolls
 k - 20 scrolls of identify
 I - 3 scrolls of brand weapon
 K - a scroll of teleportation
Potions
 d - 11 potions of might
 e - 17 potions of lignification
 h - 3 potions of mutation
 l - 7 potions of cancellation
 o - 8 potions of attraction
 r - 11 potions of haste
 B - 3 potions of heal wounds
 J - 10 potions of curing

Dungeon Overview and Level Annotations

Branches:
Dungeon (15/15)            Temple (1/1) D:6            Lair (5/5) D:11
 Shoals (4/4) Lair:3       Spider (4/4) Lair:2        Slime (0/5) Lair:4
    Orc (2/2) D:12            Elf (0/3) Orc:2        Vaults (5/5) D:14
  Crypt (3/3) Vaults:3       Tomb (3/3) Crypt:3      Depths (4/4) D:15
    Zot (4/5) Depths:4    Gauntlet (visited)

Altars:
Ashenzari
Cheibriados
Dithmenos
Elyvilon
Fedhas
Gozag
Hepliaklqana
Kikubaaqudgha
Makhleb
Nemelex Xobeh
Okawaru
Qazlal
Ru
Sif Muna
Trog
Uskayaw
Vehumet
Wu Jian
Xom
Yredelemnul
Zin
The Shining One
Jiyva

Shops:
D:5 :(   D:10 (   Orc:2 :!(?   Shoals:1 [   Shoals:3 =   Vaults:1 ?
Vaults:2 !   Vaults:3 [[(   Depths:1 ?   Depths:2 *=   Depths:3 :!

Portals:
Hell: Depths:1 Depths:2 Depths:3 Depths:4
Abyss: D:4 Depths:1 Depths:3
Pandemonium: Depths:1 Depths:2
Ziggurat: Depths:3

Annotations:
D:4 2 transporters, qw's ghost, amateur GrFi
D:5 1 runed translucent door, Crazy Yiuf
D:13 3 runed translucent doors, Buchaag's ghost, novice MiMo
Zot:3 2 transporters, Dawneret's ghost, master GnFi


Message History

You slice the smoke demon like a ripe choko!!!
You block the Brimstone Fiend's attack.
The Brimstone Fiend completely misses you.
You block the Brimstone Fiend's attack. The smoke demon barely misses you.
You block the smoke demon's attack.
The smoke demon hits you but does no damage.
You barely miss the smoke demon.
The smoke demon is almost dead.
You slash the Brimstone Fiend! You cut the smoke demon into ribbons!!!
You kill the smoke demon!
Okawaru accepts your kill.
You open the demonic crawler like a pillowcase!!!
You slice the Brimstone Fiend!!
You block the demonic crawler's attack. x2
The demonic crawler barely misses you. Bupobb gestures at you.
A raging storm of fire appears!
The great blast of fire engulfs you but does no damage.
The great blast of fire engulfs the demonic crawler!!!
The demonic crawler partially resists.
The demonic crawler dies!
The great blast of fire engulfs the Brimstone Fiend!!
The Brimstone Fiend partially resists.
The Brimstone Fiend gestures at you.
The sphere of damnation explodes!
The damnation engulfs you!!
The damnation engulfs the Brimstone Fiend.
The Brimstone Fiend completely resists.
You hear a roar! x3 3 fire vortices come into view.
You slice the Brimstone Fiend!!
You kill the Brimstone Fiend!
Okawaru accepts your kill.
You can now enter into single combat with a foe.
Okawaru will now gift you equipment as you gain piety.
You are engulfed in blazing flames.
You resist. Bupobb gestures at you.
A raging storm of fire appears!
The great blast of fire engulfs you!!! You partially resist.
You die...

, #., #....#, .. , *
, *#.*#....# .# , *
#..#....# .# .
#.......###.# # ?# *
#.##........#.#... ,
,*, ,,
..,###....^.)#.....*
, ##
#......vv00..(.. , ,
#.#.#..#000\##.. * ,
#...##.#@0v(#* * ,
,,,*#.....000##(# ,
, ....#####00,.#
,.##.. ###&,., * #..
* #. # * , , .. * ##
* * ,, , , ,* ,


You could see Bupobb and 3 fire vortices.

Vanquished Creatures
  2 dread liches
  Tiamat (Zot:4)
  Khufu (Crypt:1)
  3 ancient liches
  An orb of fire (Zot:4)
  A pandemonium lord (Pan)
  Sojobo (Vaults:3)
  12 royal mummies
  Boris (Tomb:2)
  Bai Suzhen (Vaults:3)
  Saint Roka (Orc:2)
  Parghit (Zot:4)
  Vv (Crypt:1)
  6 golden dragons
  Nikola (Shoals:2)
  2 bone dragons
  3 profane servitors
  4 electric golems
  A Tzitzimitl (Pan)
  the Enchantress (Depths:2)
  A shard shrike zombie (Crypt:3)
  A Brimstone Fiend (Pan)
  4 Hell Sentinels (Pan)
  2 Ice Fiends (Pan)
  12 tentacled monstrosities
  5 liches
  2 walking divine tomes (Depths:3)
  7 titans
  6 quicksilver dragons
  Polyphemus (Shoals:3)
  17 sphinxes
  15 death cobs
  5 tentacled starspawn
  4 ancient champions
  A kraken (Shoals:3)
  An Executioner (Pan)
  11 tengu reavers
  16 storm dragons
  Donald (Orc:2)
  5 draconian monks
  Ilsuiw (Shoals:3)
  5 revenants
  A demonspawn warmonger (Pan)
  Roxanne (Spider:3)
  7 shadow dragons
  A fenstrider witch (Depths:2)
  3 draconian knights
  8 fire giants
  4 iron dragons
  A balrug (Depths:3)
  8 frost giants
  4 ghost moths
  17 vault wardens
  Louise (Spider:3)
  2 emperor scorpions (Spider:4)
  Aizul (Spider:3)
  A juggernaut zombie (Crypt:2)
  A curse skull (Crypt:1)
  7 draconian shifters
  9 draconian scorchers
  5 ghouls (Crypt:3)
  3 orc warlords
  A cacodemon (Pan)
  4 spriggan defenders
  7 draconian stormcallers
  11 stone giants
  4 draconian annihilators
  6 ironbound thunderhulks
  A broodmother (Spider:3)
  2 demonspawn corrupters (Pan)
  2 reapers
  15 ironbound preservers
  2 demonspawn blood saints (Pan)
  3 war gargoyles (Vaults:5)
  25 very ugly things
  14 black draconians
  9 bennus
  8 green draconians
  8 vampire knights
  7 yellow draconians
  3 lorocyprocas
  2 deep elf demonologists
  6 purple draconians
  13 red draconians
  Azrael (Orc:2)
  A minotaur (Gauntlet)
  6 spark wasps
  12 white draconians
  3 deep elf annihilators (Vaults:5)
  10 dire elephants
  9 eidola
  13 ettins
  22 mummy priests
  3 blizzard demons
  2 deep elf death magi (Crypt:2)
  3 merfolk javelineers
  Snorg (D:14)
  9 jiangshi
  8 fire dragons
  Josephine (D:10)
  9 merfolk impalers
  7 entropy weavers
  Harold (Lair:1)
  7 great orbs of eyes
  6 ice dragons
  34 vault guards
  23 yaktaur captains
  A deep elf high priest (Vaults:5)
  2 spriggan zombies (Crypt:3)
  7 ogre magi
  A peacekeeper (Vaults:3)
  5 merfolk avatars
  A rakshasa (Depths:1)
  A catoblepas (Shoals:3)
  A jorogumo (Spider:3)
  3 hydras
  4 ironbound frosthearts
  4 spriggan air magi
  An anaconda (shapeshifter) (Zot:2)
  3 alligator snapping turtles (Shoals:4)
  7 radroaches
  6 two-headed ogres
  13 centaur warriors
  6 death knights
  A ghost crab (Spider:1)
  12 boulder beetles
  3 satyrs
  7 death yaks
  5 merfolk aquamancers
  4 tengu warriors
  A two-headed ogre (shapeshifter) (Vaults:3)
  62 death scarabs
  3 deep troll shamans
  7 vampire magi
  8 hell hogs
  2 deep troll earth magi
  6 thrashing horrors (Abyss:2)
  10 sun demons
  8 spriggan berserkers
  7 hell knights
  A deep elf knight (D:14)
  4 soul eaters
  4 wretched stars (Abyss:2)
  9 pharaoh ants
  4 sixfirhies
  6 iron trolls
  36 skeletal warriors
  Nergalle (Orc:2)
  A spatial maelstrom (Abyss:2)
  6 orb spiders
  3 sun moths (Spider:4)
  3 goliath frogs (Lair:5)
  11 sea snakes
  A spark wasp zombie (Crypt:2)
  A shadow demon (Pan)
  Amaemon (Lair:2)
  5 glowing orange brains
  17 steelbarb worms
  9 flayed ghosts
  2 anaconda zombies
  37 deep trolls
  An iron giant zombie (Crypt:3)
  A lindwurm (shapeshifter) (Vaults:2)
  A lindwurm (Vaults:3)
  A bunyip skeleton (Crypt:1)
  16 ironbound convokers
  7 wizards
  10 orc knights
  4 deep elf pyromancers
  2 goliath frog zombies
  6 necromancers
  28 phantasmal warriors
  11 harpies
  22 wolf spiders
  7 orc sorcerers
  15 large abominations
  A salamander (Depths:2)
  2 stone giant zombies (Tomb:1)
  7 cyclopes
  A spectral boulder beetle (D:10)
  19 manticores
  32 ugly things
  A spectral centaur (D:10)
  A faun (shapeshifter) (Vaults:5)
  18 elephants
  3 black mambas
  15 fauns
  17 moths of wrath
  A stone giant skeleton (Crypt:1)
  Maurice (D:8)
  8 smoke demons
  A worldbinder (Abyss:2)
  A moth of wrath (shapeshifter) (Vaults:5)
  Joseph (D:8)
  A centaur zombie (Crypt:3)
  13 merfolk sirens
  4 apocalypse crabs (Abyss:2)
  4 rust devils
  A centaur skeleton (Tomb:3)
  21 vault sentinels
  8 orange demons
  9 torpor snails
  An unseen horror (shapeshifter) (D:14)
  21 cane toads
  A kobold demonologist (D:13)
  A hellion (Depths:2)
  11 water nymphs
  15 demonic crawlers
  A grey draconian zombie (Crypt:1)
  46 yaktaurs
  4 unseen horror zombies (D:10)
  A naga skeleton (Tomb:1)
  4 gargoyles
  A yaktaur (shapeshifter) (Zot:2)
  2 rime drakes (Lair:2)
  4 tengu conjurers
  9 komodo dragons
  2 hellwings
  10 freezing wraiths
  2 ice devils (Depths:2)
  A golden dragon simulacrum (Crypt:2)
  A silent spectre (Abyss:2)
  4 harpy zombies
  30 merfolk
  9 meliai
  12 trolls
  6 ancient zymes (Abyss:2)
  An unseen horror skeleton (D:10)
  44 guardian mummies
  Grinder (D:5)
  2 polar bears
  6 wind drakes
  5 tyrant leeches
  A harpy skeleton (Tomb:3)
  2 ettin zombies
  6 hornets
  6 raiju (Abyss:2)
  33 tarantellas
  A blink frog (shapeshifter) (Abyss:2)
  A culicivora zombie (Crypt:2)
  A slime creature (shapeshifter) (Vaults:3)
  10 snapping turtles
  36 slime creatures
  14 dream sheep
  36 blink frogs
  Sigmund (D:5)
  A death drake skeleton (Crypt:1)
  14 culicivoras
  7 spriggans
  A spriggan (shapeshifter) (D:15)
  26 flying skulls
  A black mamba zombie (Crypt:2)
  25 jumping spiders
  5 ynoxinuls
  18 water elementals
  3 ushabtiu
  A centaur simulacrum (D:10)
  3 vampires
  A spectral black mamba (D:10)
  5 shadows
  3 ettin skeletons (Tomb:3)
  36 yaks
  3 fire bats (Gauntlet)
  3 wyverns
  24 wraiths
  4 fire elementals (Orc:2)
  4 basilisks
  2 neqoxecs (Abyss:2)
  A redback (shapeshifter) (Abyss:2)
  6 chaos spawn
  A steam dragon (D:7)
  43 redbacks
  20 vampire mosquitoes
  3 spatial vortices (Abyss:2)
  11 wargs
  2 acid dragons
  2 harpy simulacra
  12 water moccasins
  2 floating eyes (Depths:2)
  3 naga zombies (Crypt:3)
  4 hell hounds
  30 orc warriors
  5 black bears
  2 ice beasts
  A sky beast (D:7)
  4 boulder beetle simulacra (D:10)
  2 black mamba simulacra
  A manticore skeleton (Crypt:1)
  2 black bears (shapeshifter)
  10 wolves
  12 ogres
  8 centaurs
  2 phantoms (Crypt:3)
  A hog skeleton (Crypt:2)
  A kobold brigand (D:9)
  11 bullfrogs
  8 scorpions
  2 gnoll sergeants
  18 necrophages
  5 wights (D:8)
  8 small abominations (Abyss:2)
  7 wyvern skeletons (Crypt:3)
  A raiju zombie (Crypt:2)
  7 killer bees
  A warg skeleton (Crypt:2)
  An electric eel (Lair:4)
  4 howler monkeys
  17 starcursed masses (Abyss:2)
  6 hounds
  2 quasits (Abyss:2)
  A hound (shapeshifter) (Vaults:5)
  15 orc priests
  A jelly (D:6)
  2 gnoll boudas
  4 hell rats (D:10)
  4 iguanas (D:6)
  46 orc wizards
  A lightning spire (Zot:4)
  A tengu skeleton (Crypt:2)
  A spectral howler monkey (D:10)
  26 mummies
  32 gnolls
  4 adders
  2 white imps
  3 ufetubi
  3 worms (Lair:2)
  A dart slug (D:1)
  95 orcs
  6 ball pythons
  2 bats
  10 endoplasms
  4 giant cockroaches
  6 goblins
  2 hobgoblins
  19 jackals
  14 kobolds
  3 quokkas
  An endoplasm zombie (Crypt:1)
  3 frilled lizards
  6 rats
  A lurking horror (Abyss:2)
  6 starspawn tentacles
  2 tentacles (Shoals:3)
2506 creatures vanquished.

Vanquished Creatures (others)
  An ironbound thunderhulk (Vaults:2)
  A bennu (Tomb:3)
  2 death scarabs (Tomb:3)
  An orb spider (Spider:4)
  A demonic crawler (Pan)
  A raiju (Abyss:2)
  A culicivora (Spider:3)
  A jumping spider (Spider:3)
  A redback (Spider:2)
  An orc warrior (Vaults:5)
  4 orc wizards
  2 bushes (Lair:1)
  18 fungi
  A lurking horror (Abyss:2)
  151 plants
  8 starspawn tentacles
  6 tentacles (Shoals:3)
  9 withered plants (Crypt:3)
210 creatures vanquished.

Grand Total: 2716 creatures vanquished

Notes
Turn   | Place    | Note
-------+----------+-------------------------------------------
     0 | D:1      | qw the Gargoyle Fighter began the quest for the Orb.
     0 | D:1      | Reached XP level 1. HP: 14/14 MP: 1/1
     0 | D:1      | 0 ||| qw: Version: 0.2-a-12-gaebbb33
     0 | D:1      | 0 ||| qw: Game counter: 1422
     0 | D:1      | 0 ||| qw: Always use a shield: true
     0 | D:1      | 0 ||| qw: God list: Okawaru
     0 | D:1      | 0 ||| qw: Allow faded altars: false
     0 | D:1      | 0 ||| qw: Do Orc after D:15 true
     0 | D:1      | 0 ||| qw: Do second Lair branch before Depths: true
     0 | D:1      | 0 ||| qw: Lair rune preference: random
     0 | D:1      | 0 ||| qw: Plans: Normal, Zot:1-4, God:TSO, Crypt, Tomb,
                  | Pan, Slime:5, Hells, Abyss, Orb
     0 | D:1      | 0 ||| PLANNING D:1-11
   247 | D:1      | 247 ||| DROPPING +0 club.
   285 | D:1      | Reached XP level 2. HP: 19/19 MP: 2/2
   568 | D:1      | Reached skill level 3 in Axes
   738 | D:1      | 738 ||| DROPPING +0 whip.
   843 | D:1      | Reached XP level 3. HP: 23/23 MP: 3/3
  1199 | D:1      | 1199 ||| Stepping ~*~*~tactically~*~*~ (hiding).
  1202 | D:1      | 1202 ||| Stepping ~*~*~tactically~*~*~ (hiding).
  1479 | D:1      | 1479 ||| DROPPING amulet of faith.
  1480 | D:1      | 1480 ||| READING scroll labelled JYCUTO LUSEMN.
  1529 | D:1      | 1529 ||| READING 3 scrolls labelled SOGEPHU ALUDACI.
  1532 | D:1      | 1532 ||| READING scroll labelled KISENW URGHAGA.
  1533 | D:1      | 1533 ||| READING 5 scrolls labelled XAGESUUNTU.
  1534 | D:1      | 1534 ||| READING scroll labelled BAENUTWU HIWK.
  1535 | D:1      | 1535 ||| READING scroll labelled AMMETO COTIVEWK.
  1536 | D:1      | 1536 ||| READING 4 scrolls of identify.
  1536 | D:1      | 1536 ||| IDENTIFYING coppery potion
  1537 | D:1      | 1537 ||| READING 3 scrolls of identify.
  1537 | D:1      | 1537 ||| IDENTIFYING amethyst potion
  1538 | D:1      | 1538 ||| READING 2 scrolls of identify.
  1538 | D:1      | 1538 ||| IDENTIFYING inky potion
  1539 | D:1      | 1539 ||| DROPPING potion of flight.
  1703 | D:2      | Identified the amulet of Iphahax {RegenMP Regen+ Int+5
                  | SInv}
  1813 | D:2      | Found a hide-covered altar of Uskayaw.
  1815 | D:2      | 1815 ||| Stepping ~*~*~tactically~*~*~ (stealth).
  1819 | D:2      | 1819 ||| Stepping ~*~*~tactically~*~*~ (stealth).
  1861 | D:2      | 1861 ||| FLEEEEING.
  1862 | D:2      | 1862 ||| FLEEEEING.
  1866 | D:2      | 1866 ||| FLEEEEING.
  1867 | D:2      | 1867 ||| STAIRDANCE
  2003 | D:1      | 2003 ||| UPGRADING to +0 pair of boots.
  2008 | D:1      | 2008 ||| UPGRADING to +0 plate armour.
  2018 | D:1      | 2018 ||| DROPPING +0 scale mail.
  2019 | D:1      | 2019 ||| UPGRADING to amulet of Iphahax {RegenMP Regen+
                  | Int+5 SInv}.
  2024 | D:1      | 2024 ||| READING 2 scrolls labelled ANWIT GOSETA.
  2025 | D:1      | 2025 ||| READING 3 scrolls labelled UMARUR EPTU.
  2026 | D:1      | 2026 ||| READING 2 scrolls of enchant armour.
  2026 | D:1      | 2026 ||| ENCHANTING +0 pair of boots.
  2027 | D:1      | 2027 ||| READING scroll of enchant armour.
  2027 | D:1      | 2027 ||| ENCHANTING +1 pair of boots.
  2028 | D:1      | 2028 ||| READING 2 scrolls of identify.
  2028 | D:1      | 2028 ||| IDENTIFYING fizzy red potion
  2029 | D:1      | 2029 ||| DROPPING scroll of amnesia.
  2040 | D:2      | Reached XP level 4. HP: 20/28 MP: 4/4
  2054 | D:2      | 2054 ||| Stepping ~*~*~tactically~*~*~ (hiding).
  2314 | D:2      | 2314 ||| SWAPPING to +0 broad axe.
  2315 | D:2      | 2315 ||| DROPPING +0 war axe.
  2324 | D:2      | 2324 ||| READING scroll labelled HEITUO QAGRU.
  2325 | D:2      | 2325 ||| READING scroll labelled TEGGOI KERGHIPN.
  2395 | D:3      | 2395 ||| Stepping ~*~*~tactically~*~*~ (stealth).
  2397 | D:3      | 2397 ||| Stepping ~*~*~tactically~*~*~ (stealth).
  2416 | D:3      | 2416 ||| Stepping ~*~*~tactically~*~*~ (stealth).
  2429 | D:3      | 2429 ||| Stepping ~*~*~tactically~*~*~ (stealth).
  2431 | D:3      | 2431 ||| Stepping ~*~*~tactically~*~*~ (hiding).
  2488 | D:3      | Found a faded altar of an unknown god.
  2592 | D:3      | Reached skill level 1 in Throwing
  2592 | D:3      | Reached XP level 5. HP: 30/32 MP: 5/5
  2703 | D:3      | 2703 ||| Stepping ~*~*~tactically~*~*~ (stealth).
  2724 | D:3      | Reached XP level 6. HP: 21/38 MP: 6/6
  2726 | D:3      | Reached skill level 4 in Fighting
  2729 | D:3      | HP: 8/38 [gnoll/+0 spear (3)]
  2730 | D:3      | 2730 ||| READING 2 scrolls of teleportation.
  2731 | D:3      | 2731 ||| DRINKING 2 potions of heal wounds.
  3105 | D:3      | 3105 ||| FLEEEEING.
  3106 | D:3      | 3106 ||| FLEEEEING.
  3107 | D:3      | 3107 ||| FLEEEEING.
  3108 | D:3      | 3108 ||| FLEEEEING.
  3111 | D:3      | 3111 ||| FLEEEEING.
  3112 | D:3      | 3112 ||| FLEEEEING.
  3141 | D:3      | Reached skill level 6 in Axes
  3153 | D:3      | 3153 ||| Stepping ~*~*~tactically~*~*~ (stealth).
  3175 | D:3      | Reached XP level 7. HP: 14/43 MP: 7/7
  3182 | D:3      | 3182 ||| FLEEEEING.
  3183 | D:3      | 3183 ||| FLEEEEING.
  3184 | D:3      | 3184 ||| FLEEEEING.
  3185 | D:3      | 3185 ||| FLEEEEING.
  3186 | D:3      | 3186 ||| FLEEEEING.
  3187 | D:3      | 3187 ||| FLEEEEING.
  3188 | D:3      | 3188 ||| FLEEEEING.
  3189 | D:3      | 3189 ||| FLEEEEING.
  3190 | D:3      | 3190 ||| FLEEEEING.
  3191 | D:3      | 3191 ||| FLEEEEING.
  3192 | D:3      | 3192 ||| FLEEEEING.
  3193 | D:3      | 3193 ||| FLEEEEING.
  3194 | D:3      | 3194 ||| FLEEEEING.
  3195 | D:3      | 3195 ||| FLEEEEING.
  3198 | D:3      | 3198 ||| FLEEEEING.
  3199 | D:3      | 3199 ||| FLEEEEING.
  3200 | D:3      | 3200 ||| FLEEEEING.
  3402 | D:3      | 3402 ||| Stepping ~*~*~tactically~*~*~ (stealth).
  3421 | D:3      | 3421 ||| Stepping ~*~*~tactically~*~*~ (stealth).
  3423 | D:3      | 3423 ||| Stepping ~*~*~tactically~*~*~ (hiding).
  3450 | D:3      | 3450 ||| Stepping ~*~*~tactically~*~*~ (hiding).
  3451 | D:3      | 3451 ||| Stepping ~*~*~tactically~*~*~ (hiding).
  3479 | D:3      | 3479 ||| Stepping ~*~*~tactically~*~*~ (stealth).
  3480 | D:3      | 3480 ||| Stepping ~*~*~tactically~*~*~ (stealth).
  3580 | D:3      | 3580 ||| READING scroll labelled VUJEOSOSILY.
  3581 | D:3      | 3581 ||| READING scroll labelled ZINOIG MOTU.
  3682 | D:3      | 3682 ||| DRINKING 4 white potions.
  3683 | D:3      | 3683 ||| READING 2 scrolls of identify.
  3683 | D:3      | 3683 ||| IDENTIFYING fuming blue potion
  3684 | D:3      | 3684 ||| DROPPING potion of degeneration.
  3749 | D:4      | 3749 ||| STAIRDANCE
  3838 | D:4      | Found a radiant altar of Vehumet.
  3920 | D:4      | Found a transporter.
  3927 | D:4      | Found a one-way gate to the infinite horrors of the Abyss.
  3927 | D:4      | Noticed qw's ghost (amateur GrFi)
  3954 | D:4      | Found a broken altar of Ashenzari.
  4108 | D:4      | Found a transporter.
  4136 | D:4      | Identified the +2 leather armour of Youthful Indiscretion
                  | {Harm rPois Str-4 Dex+4}
  4308 | D:4      | Reached skill level 5 in Fighting
  4429 | D:4      | 4429 ||| Stepping ~*~*~tactically~*~*~ (stealth).
  4431 | D:4      | 4431 ||| Stepping ~*~*~tactically~*~*~ (stealth).
  4433 | D:4      | 4433 ||| Stepping ~*~*~tactically~*~*~ (hiding).
  4445 | D:4      | Reached XP level 8. HP: 35/49 MP: 8/8
  4447 | D:4      | Reached skill level 1 in Dodging
  4486 | D:4      | 4486 ||| DRINKING 2 smoky silvery potions.
  4487 | D:4      | 4487 ||| READING 2 scrolls of identify.
  4487 | D:4      | 4487 ||| IDENTIFYING grey potion
  4488 | D:4      | 4488 ||| DROPPING potion of brilliance.
  4515 | D:5      | Entered Level 5 of the Dungeon
  4516 | D:5      | 4516 ||| STAIRDANCE
  4526 | D:5      | 4526 ||| STAIRDANCE
  4539 | D:5      | 4539 ||| STAIRDANCE
  4547 | D:5      | 4547 ||| STAIRDANCE
  4582 | D:5      | Found Qoihaavis's Book Boutique.
  4620 | D:5      | Identified the +8 dagger "Hegoreto" {pain, *Rage Str+4
                  | Stlth+}
  4642 | D:5      | 4642 ||| Stepping ~*~*~tactically~*~*~ (stealth).
  4672 | D:5      | Found Iseehut's Weapon Shoppe.
  4751 | D:5      | Noticed Grinder
  4752 | D:5      | 4752 ||| Stepping ~*~*~tactically~*~*~ (hiding).
  4753 | D:5      | 4753 ||| Stepping ~*~*~tactically~*~*~ (hiding).
  4754 | D:5      | 4754 ||| Stepping ~*~*~tactically~*~*~ (hiding).
  4769 | D:5      | Killed Grinder
  4837 | D:5      | Noticed Sigmund
  4838 | D:5      | 4838 ||| Stepping ~*~*~tactically~*~*~ (hiding).
  4859 | D:5      | Killed Sigmund
  4860 | D:5      | Reached skill level 6 in Fighting
  4915 | D:5      | Found a runed translucent door.
  4916 | D:5      | Noticed Crazy Yiuf
  4972 | D:5      | 4972 ||| Stepping ~*~*~tactically~*~*~ (hiding).
  5109 | D:5      | Found a sacrificial altar of Ru.
  5111 | D:5      | 5111 ||| Stepping ~*~*~tactically~*~*~ (hiding).
  5112 | D:5      | 5112 ||| Stepping ~*~*~tactically~*~*~ (hiding).
  5120 | D:5      | Reached XP level 9. HP: 49/55 MP: 9/9
  5501 | D:5      | 5501 ||| READING scroll labelled OXUMO AM KAGIU.
  5502 | D:5      | 5502 ||| DRINKING 2 clear potions.
  5503 | D:5      | 5503 ||| DRINKING 2 emerald potions.
  5503 | D:5      | Gained mutation: You occasionally lose the ability to drink
                  | potions when taking damage. [potion of mutation]
  5503 | D:5      | Gained mutation: You have very sharp teeth. [potion of
                  | mutation]
  5503 | D:5      | Gained mutation: You have large cloven feet. [potion of
                  | mutation]
  5504 | D:5      | 5504 ||| DRINKING potion of mutation.
  5504 | D:5      | Lost mutation: You occasionally lose the ability to drink
                  | potions when taking damage. [potion of mutation]
  5504 | D:5      | Lost mutation: You have very sharp teeth. [potion of
                  | mutation]
  5504 | D:5      | Lost mutation: You have large cloven feet. [potion of
                  | mutation]
  5504 | D:5      | Gained mutation: Your flesh is cold resistant. (rC+)
                  | [potion of mutation]
  5504 | D:5      | Gained mutation: Your movements are slightly less
                  | encumbered by armour. (ER -2) [potion of mutation]
  5504 | D:5      | Gained mutation: You are partially covered in iridescent
                  | scales. (AC +2) [potion of mutation]
  5504 | D:5      | Gained mutation: You have large cloven feet. [potion of
                  | mutation]
  5621 | D:6      | 5621 ||| Stepping ~*~*~tactically~*~*~ (hiding).
  5630 | D:6      | 5630 ||| Stepping ~*~*~tactically~*~*~ (hiding).
  5637 | D:6      | Reached skill level 9 in Axes
  5809 | D:6      | 5809 ||| Stepping ~*~*~tactically~*~*~ (hiding).
  5821 | D:6      | Reached skill level 7 in Fighting
  5860 | D:6      | Found a staircase to the Ecumenical Temple.
  5861 | D:6      | 5861 ||| PLANNING TEMPLE
  5861 | D:6      | 5861 ||| READING 3 scrolls of identify.
  5861 | D:6      | 5861 ||| IDENTIFYING purple potion
  5862 | D:6      | 5862 ||| READING 2 scrolls of identify.
  5862 | D:6      | 5862 ||| IDENTIFYING blue potion
  5863 | D:6      | 5863 ||| DROPPING potion of ambrosia.
  5864 | D:6      | 5864 ||| DROPPING potion of magic.
  5873 | Temple   | Entered the Ecumenical Temple
  5902 | Temple   | 5902 ||| PLANNING OKAWARU WORSHIP
  6004 | Temple   | Became a worshipper of Warmaster Okawaru
  6005 | Temple   | 6005 ||| PLANNING D:1-11
  6239 | D:7      | Found a glowing silver altar of Zin.
  6279 | D:7      | Found a sparkling altar of Nemelex Xobeh.
  6291 | D:7      | Reached skill level 6 in Armour
  6330 | D:7      | 6330 ||| Stepping ~*~*~tactically~*~*~ (stealth).
  6439 | D:7      | 6439 ||| Stepping ~*~*~tactically~*~*~ (stealth).
  6443 | D:7      | 6443 ||| Stepping ~*~*~tactically~*~*~ (stealth).
  6533 | D:7      | You fall into a shaft and drop 2 floors!
  6565 | D:9      | 6565 ||| READING 3 scrolls labelled XAHO IXINTOK.
  6566 | D:9      | 6566 ||| READING scroll labelled FAACOCLU SOMUT.
  6567 | D:9      | 6567 ||| DROPPING 2 scrolls of magic mapping.
  6570 | D:9      | 6570 ||| Stepping ~*~*~tactically~*~*~ (hiding).
  6572 | D:9      | 6572 ||| Stepping ~*~*~tactically~*~*~ (hiding).
  6573 | D:9      | 6573 ||| Stepping ~*~*~tactically~*~*~ (hiding).
  6628 | D:8      | Noticed Maurice
  6628 | D:8      | Paralysed by Maurice for 2 turns
  6634 | D:8      | Paralysed by Maurice for 4 turns
  6642 | D:8      | 6642 ||| Stepping ~*~*~tactically~*~*~ (hiding).
  6655 | D:8      | Killed Maurice
  6655 | D:8      | Reached * piety under Okawaru
  6656 | D:8      | Reached XP level 10. HP: 62/63 MP: 10/10
  6690 | D:8      | 6690 ||| INVOKING Heroism.
  6744 | D:8      | Found a burning altar of Makhleb.
  6802 | D:8      | Found an ancient bone altar of Kikubaaqudgha.
  6853 | D:8      | Reached skill level 1 in Invocations
  6858 | D:8      | Found a stormy altar of Qazlal.
  6876 | D:8      | Noticed Joseph
  6881 | D:8      | Paralysed by Joseph for 5 turns
  6889 | D:8      | 6889 ||| INVOKING Heroism.
  6893 | D:8      | Killed Joseph
  6894 | D:8      | Reached skill level 8 in Fighting
  6921 | D:8      | Found a shimmering altar of Xom.
  6924 | D:8      | Found a shimmering altar of Xom.
  6925 | D:8      | Found a shimmering altar of Xom.
  6925 | D:8      | Found a shimmering altar of Xom.
  6926 | D:8      | Found a shimmering altar of Xom.
  6926 | D:8      | Found a shimmering altar of Xom.
  6927 | D:8      | Found a shimmering altar of Xom.
  6978 | D:8      | 6978 ||| INVOKING Heroism.
  7005 | D:8      | 7005 ||| UPGRADING to +0 cloak.
  7010 | D:8      | 7010 ||| READING scroll labelled ATASOCV TAOW.
  7070 | D:7      | 7070 ||| INVOKING Heroism.
  7084 | D:7      | Reached skill level 3 in Invocations
  7150 | D:7      | 7150 ||| INVOKING Heroism.
  7256 | D:7      | Found a hazy altar of Hepliaklqana.
  7483 | D:7      | Found a hide-covered altar of Uskayaw.
  7485 | D:7      | Found a snail-covered altar of Cheibriados.
  7486 | D:7      | Found a bloodstained altar of Trog.
  7546 | D:7      | 7546 ||| READING scroll of brand weapon.
  7546 | D:7      | 7546 ||| BRANDING +1 broad axe of chaos.
  7655 | D:8      | 7655 ||| INVOKING Heroism.
  7799 | D:8      | 7799 ||| Stepping ~*~*~tactically~*~*~ (stealth).
  8082 | D:8      | 8082 ||| UPGRADING to +0 pair of gloves.
  8105 | D:9      | Noticed a two-headed ogre
  8106 | D:9      | 8106 ||| INVOKING Heroism.
  8108 | D:9      | 8108 ||| STAIRDANCE
  8121 | D:9      | Killed a two-headed ogre
  8168 | D:9      | 8168 ||| Stepping ~*~*~tactically~*~*~ (hiding).
  8170 | D:9      | 8170 ||| Stepping ~*~*~tactically~*~*~ (hiding).
  8174 | D:9      | 8174 ||| Stepping ~*~*~tactically~*~*~ (hiding).
  8184 | D:9      | Reached ** piety under Okawaru
  8185 | D:9      | Reached skill level 3 in Throwing
  8212 | D:9      | 8212 ||| Stepping ~*~*~tactically~*~*~ (stealth).
  8214 | D:9      | 8214 ||| Stepping ~*~*~tactically~*~*~ (stealth).
  8217 | D:9      | 8217 ||| INVOKING Heroism.
  8243 | D:9      | 8243 ||| Stepping ~*~*~tactically~*~*~ (stealth).
  8246 | D:9      | 8246 ||| Stepping ~*~*~tactically~*~*~ (stealth).
  8248 | D:9      | 8248 ||| Stepping ~*~*~tactically~*~*~ (hiding).
  8249 | D:9      | 8249 ||| Stepping ~*~*~tactically~*~*~ (hiding).
  8255 | D:9      | 8255 ||| DRINKING potion of curing.
  8255 | D:9      | 8255 ||| (to cure confusion)
  8513 | D:9      | Found an opulent altar of Gozag.
  8772 | D:10     | Entered Level 10 of the Dungeon
  8793 | D:10     | Noticed a spectral centaur warrior
  8796 | D:10     | 8796 ||| Stepping ~*~*~tactically~*~*~ (stealth).
  8803 | D:10     | Killed a spectral centaur warrior
  8804 | D:10     | Reached XP level 11. HP: 62/68 MP: 14/14
  8823 | D:10     | 8823 ||| INVOKING Heroism.
  8881 | D:10     | 8881 ||| Stepping ~*~*~tactically~*~*~ (stealth).
  8883 | D:10     | 8883 ||| INVOKING Heroism.
  8892 | D:10     | 8892 ||| Stepping ~*~*~tactically~*~*~ (stealth).
  8966 | D:10     | Found a white marble altar of Elyvilon.
  9047 | D:10     | 9047 ||| Stepping ~*~*~tactically~*~*~ (hiding).
  9054 | D:10     | Reached skill level 9 in Fighting
  9255 | D:10     | 9255 ||| Stepping ~*~*~tactically~*~*~ (stealth).
  9283 | D:10     | Reached *** piety under Okawaru
  9299 | D:10     | 9299 ||| INVOKING Heroism.
  9337 | D:10     | 9337 ||| INVOKING Heroism.
  9357 | D:10     | Reached skill level 12 in Axes
  9394 | D:10     | Found Oligegak's Antique Weapon Shop.
  9420 | D:10     | 9420 ||| INVOKING Heroism.
  9453 | D:10     | 9453 ||| INVOKING Heroism.
  9463 | D:10     | Received a gift from Okawaru
  9478 | D:10     | Reached skill level 9 in Armour
  9481 | D:10     | 9481 ||| INVOKING Heroism.
  9515 | D:10     | 9515 ||| INVOKING Heroism.
  9520 | D:10     | Reached skill level 6 in Shields
  9523 | D:10     | Reached **** piety under Okawaru
  9534 | D:10     | 9534 ||| INVOKING Heroism.
  9599 | D:10     | 9599 ||| Stepping ~*~*~tactically~*~*~ (stealth).
  9600 | D:10     | 9600 ||| Stepping ~*~*~tactically~*~*~ (stealth).
  9625 | D:10     | Received a gift from Okawaru
  9653 | D:10     | 9653 ||| INVOKING Heroism.
  9799 | D:10     | Found a basalt altar of Yredelemnul.
  9805 | D:10     | Reached XP level 12. HP: 76/76 MP: 16/16
  9854 | D:10     | 9854 ||| INVOKING Heroism.
  9959 | D:10     | Noticed Josephine
  9960 | D:10     | 9960 ||| Stepping ~*~*~tactically~*~*~ (stealth).
  9967 | D:10     | Reached skill level 6 in Invocations
  9975 | D:10     | Killed Josephine
  9975 | D:10     | Reached ***** piety under Okawaru
  9976 | D:10     | Reached skill level 10 in Fighting
 10256 | D:10     | 10256 ||| UPGRADING to +1 kite shield of reflection.
 10266 | D:10     | 10266 ||| DROPPING +0 buckler.
 10267 | D:10     | 10267 ||| UPGRADING to +4 ring of evasion.
 10360 | D:9      | 10360 ||| INVOKING Heroism.
 10374 | D:9      | 10374 ||| DRINKING 2 potions of cancellation.
 10378 | D:9      | Received a gift from Okawaru
 10482 | D:9      | Identified the +9 scimitar of the Realm of Zot {freeze,
                  | rN++ Will- rCorr Stlth+}
 10490 | D:9      | 10490 ||| DROPPING +2 vampiric whip.
 10555 | D:11     | 10555 ||| Stepping ~*~*~tactically~*~*~ (stealth).
 10573 | D:11     | Found a staircase to the Lair.
 10607 | D:11     | 10607 ||| DRINKING potion of curing.
 10607 | D:11     | 10607 ||| (to cure confusion)
 10727 | D:11     | 10727 ||| READING scroll of enchant armour.
 10727 | D:11     | 10727 ||| ENCHANTING +0 pair of gloves.
 10855 | D:11     | 10855 ||| Stepping ~*~*~tactically~*~*~ (hiding).
 10858 | D:11     | 10858 ||| Stepping ~*~*~tactically~*~*~ (hiding).
 10859 | D:11     | 10859 ||| Stepping ~*~*~tactically~*~*~ (hiding).
 10864 | D:11     | 10864 ||| INVOKING Heroism.
 10998 | D:11     | Identified the +2 robe of Submission {rF- Will+ Int+4 SInv}
 11062 | D:11     | 11062 ||| Stepping ~*~*~tactically~*~*~ (stealth).
 11064 | D:11     | 11064 ||| Stepping ~*~*~tactically~*~*~ (stealth).
 11068 | D:11     | 11068 ||| Stepping ~*~*~tactically~*~*~ (hiding).
 11069 | D:11     | 11069 ||| Stepping ~*~*~tactically~*~*~ (hiding).
 11076 | D:11     | 11076 ||| Stepping ~*~*~tactically~*~*~ (hiding).
 11144 | D:11     | Noticed a boulder beetle
 11145 | D:11     | 11145 ||| INVOKING Heroism.
 11146 | D:11     | 11146 ||| INVOKING Finesse.
 11161 | D:11     | Killed a boulder beetle
 11308 | D:11     | 11308 ||| INVOKING Heroism.
 11545 | D:11     | 11545 ||| PLANNING LAIR
 11590 | Lair:1   | Entered Level 1 of the Lair of Beasts
 11596 | Lair:1   | 11596 ||| Stepping ~*~*~tactically~*~*~ (stealth).
 11598 | Lair:1   | 11598 ||| Stepping ~*~*~tactically~*~*~ (stealth).
 11601 | Lair:1   | 11601 ||| Stepping ~*~*~tactically~*~*~ (stealth).
 11622 | Lair:1   | Received a gift from Okawaru
 11622 | Lair:1   | Found the +4 skin of Zhor {*Englaciate rC+++ SInv}
 11635 | Lair:1   | 11635 ||| INVOKING Heroism.
 11679 | Lair:1   | 11679 ||| INVOKING Heroism.
 11826 | Lair:1   | 11826 ||| Stepping ~*~*~tactically~*~*~ (stealth).
 11831 | Lair:1   | Noticed Harold
 11832 | Lair:1   | 11832 ||| INVOKING Heroism.
 11836 | Lair:1   | 11836 ||| Stepping ~*~*~tactically~*~*~ (hiding).
 11852 | Lair:1   | Killed Harold
 11853 | Lair:1   | Reached skill level 9 in Invocations
 11871 | Lair:1   | 11871 ||| INVOKING Heroism.
 11879 | Lair:1   | Reached skill level 9 in Shields
 11899 | Lair:1   | Reached XP level 13. HP: 82/82 MP: 20/20
 12089 | Lair:1   | 12089 ||| INVOKING Heroism.
 12175 | Lair:1   | 12175 ||| Stepping ~*~*~tactically~*~*~ (stealth).
 12247 | Lair:1   | 12247 ||| INVOKING Heroism.
 12325 | Lair:1   | 12325 ||| INVOKING Heroism.
 12696 | Lair:2   | Noticed Amaemon
 12697 | Lair:2   | 12697 ||| INVOKING Heroism.
 12711 | Lair:2   | Killed Amaemon
 12741 | Lair:2   | 12741 ||| DROPPING +0 morningstar.
 12771 | Lair:2   | Found a hole to the Spider Nest.
 12774 | Lair:2   | 12774 ||| Stepping ~*~*~tactically~*~*~ (stealth).
 12775 | Lair:2   | 12775 ||| Stepping ~*~*~tactically~*~*~ (stealth).
 12777 | Lair:2   | 12777 ||| INVOKING Heroism.
 12778 | Lair:2   | 12778 ||| INVOKING Finesse.
 12865 | Lair:2   | 12865 ||| Stepping ~*~*~tactically~*~*~ (stealth).
 12867 | Lair:2   | 12867 ||| Stepping ~*~*~tactically~*~*~ (hiding).
 12876 | Lair:2   | Received a gift from Okawaru
 12890 | Lair:2   | Identified the +3 flail of Jaakupha {flame, Dex+5}
 12939 | Lair:2   | 12939 ||| Stepping ~*~*~tactically~*~*~ (stealth).
 12941 | Lair:2   | 12941 ||| INVOKING Heroism.
 12957 | Lair:2   | 12957 ||| Stepping ~*~*~tactically~*~*~ (hiding).
 12989 | Lair:2   | 12989 ||| Stepping ~*~*~tactically~*~*~ (hiding).
 13006 | Lair:2   | 13006 ||| Stepping ~*~*~tactically~*~*~ (stealth).
 13008 | Lair:2   | 13008 ||| FLEEEEING.
 13009 | Lair:2   | 13009 ||| FLEEEEING.
 13010 | Lair:2   | 13010 ||| FLEEEEING.
 13011 | Lair:2   | 13011 ||| FLEEEEING.
 13012 | Lair:2   | 13012 ||| STAIRDANCE
 13016 | Lair:2   | 13016 ||| STAIRDANCE
 13018 | Lair:1   | 13018 ||| INVOKING Heroism.
 13134 | Lair:2   | 13134 ||| Stepping ~*~*~tactically~*~*~ (stealth).
 13434 | Lair:2   | 13434 ||| READING 7 scrolls of identify.
 13434 | Lair:2   | 13434 ||| IDENTIFYING sedimented amethyst potion
 13435 | Lair:2   | 13435 ||| DROPPING potion of berserk rage.
 13446 | Lair:3   | 13446 ||| INVOKING Heroism.
 13447 | Lair:3   | 13447 ||| INVOKING Finesse.
 13449 | Lair:3   | 13449 ||| STAIRDANCE
 13478 | Lair:3   | 13478 ||| INVOKING Heroism.
 13623 | Lair:3   | Found a staircase to the Shoals.
 13644 | Lair:3   | 13644 ||| INVOKING Heroism.
 14061 | Lair:4   | Found a staircase to the Slime Pits.
 14061 | Lair:4   | Found a viscous altar of Jiyva.
 14206 | Lair:4   | 14206 ||| INVOKING Heroism.
 14218 | Lair:4   | Gained mutation: Your large and strong wings let you fly.
                  | [Gargoyle growth]
 14218 | Lair:4   | Reached XP level 14. HP: 85/88 MP: 21/21
 14562 | Lair:4   | Found a basalt altar of Yredelemnul.
 14585 | Lair:4   | 14585 ||| Stepping ~*~*~tactically~*~*~ (stealth).
 14605 | Lair:4   | Identified the +1 scale mail of Okawaru's Hope {rF++ Int+5}
                  | (Okawaru gifted it to you on level 4 of the Lair of Beasts)
 14605 | Lair:4   | Received a gift from Okawaru
 14636 | Lair:4   | 14636 ||| INVOKING Heroism.
 14637 | Lair:4   | 14637 ||| INVOKING Finesse.
 14639 | Lair:4   | 14639 ||| SWAPPING to +1 demon whip of venom.
 14644 | Lair:4   | 14644 ||| SWAPPING to +1 vampiric broad axe.
 14966 | Lair:4   | 14966 ||| Stepping ~*~*~tactically~*~*~ (stealth).
 14968 | Lair:4   | 14968 ||| Stepping ~*~*~tactically~*~*~ (stealth).
 14979 | Lair:4   | 14979 ||| INVOKING Heroism.
 15245 | Lair:4   | 15245 ||| UPGRADING to +2 cloak.
 15255 | Lair:4   | 15255 ||| DROPPING +0 cloak.
 15256 | Lair:4   | 15256 ||| DROPPING +6 ring of intelligence.
 15257 | Lair:4   | 15257 ||| DROPPING ring of wizardry.
 15282 | Lair:5   | Entered Level 5 of the Lair of Beasts
 15283 | Lair:5   | 15283 ||| INVOKING Heroism.
 15284 | Lair:5   | 15284 ||| Stepping ~*~*~tactically~*~*~ (stealth).
 15303 | Lair:5   | Reached skill level 11 in Fighting
 15305 | Lair:5   | 15305 ||| INVOKING Heroism.
 15386 | Lair:5   | Reached skill level 12 in Shields
 15398 | Lair:5   | 15398 ||| Stepping ~*~*~tactically~*~*~ (stealth).
 15401 | Lair:5   | 15401 ||| INVOKING Heroism.
 15402 | Lair:5   | 15402 ||| INVOKING Finesse.
 15412 | Lair:5   | 15412 ||| SWAPPING to +1 demon whip of venom.
 15418 | Lair:5   | 15418 ||| Stepping ~*~*~tactically~*~*~ (outnumbered).
 15419 | Lair:5   | 15419 ||| Stepping ~*~*~tactically~*~*~ (outnumbered).
 15425 | Lair:5   | 15425 ||| SWAPPING to +1 vampiric broad axe.
 15428 | Lair:5   | 15428 ||| SWAPPING to +1 demon whip of venom.
 15448 | Lair:5   | 15448 ||| SWAPPING to +1 vampiric broad axe.
 15573 | Lair:5   | 15573 ||| INVOKING Heroism.
 15641 | Lair:5   | 15641 ||| Stepping ~*~*~tactically~*~*~ (stealth).
 15673 | Lair:5   | 15673 ||| INVOKING Heroism.
 15680 | Lair:5   | Identified the +0 pair of gloves of the Learner {rN+ rCorr
                  | Dex+3 Stlth+} (Okawaru gifted it to you on level 5 of the
                  | Lair of Beasts)
 15680 | Lair:5   | Received a gift from Okawaru
 15682 | Lair:5   | 15682 ||| Stepping ~*~*~tactically~*~*~ (stealth).
 15683 | Lair:5   | 15683 ||| Stepping ~*~*~tactically~*~*~ (stealth).
 15740 | Lair:5   | 15740 ||| INVOKING Heroism.
 15747 | Lair:5   | Reached skill level 15 in Axes
 15929 | Lair:5   | 15929 ||| Stepping ~*~*~tactically~*~*~ (stealth).
 15933 | Lair:5   | 15933 ||| INVOKING Heroism.
 16064 | Lair:5   | 16064 ||| INVOKING Heroism.
 16115 | Lair:5   | 16115 ||| INVOKING Heroism.
 16180 | Lair:5   | 16180 ||| PLANNING D
 16180 | Lair:5   | 16180 ||| UPGRADING to +0 pair of gloves of the Learner
                  | {rN+ rCorr Dex+3 Stlth+}.
 16190 | Lair:5   | 16190 ||| DROPPING +1 pair of gloves.
 16191 | Lair:5   | 16191 ||| UPGRADING to +6 ring of dexterity.
 16192 | Lair:5   | 16192 ||| DROPPING ring of willpower.
 16416 | D:12     | 16416 ||| Stepping ~*~*~tactically~*~*~ (hiding).
 16419 | D:12     | 16419 ||| Stepping ~*~*~tactically~*~*~ (hiding).
 16426 | D:12     | 16426 ||| INVOKING Heroism.
 16429 | D:12     | 16429 ||| Stepping ~*~*~tactically~*~*~ (stealth).
 16447 | D:12     | 16447 ||| Stepping ~*~*~tactically~*~*~ (hiding).
 16455 | D:12     | 16455 ||| Stepping ~*~*~tactically~*~*~ (hiding).
 16490 | D:12     | 16490 ||| Stepping ~*~*~tactically~*~*~ (stealth).
 16501 | D:12     | 16501 ||| INVOKING Heroism.
 16504 | D:12     | Reached skill level 3 in Dodging
 16533 | D:12     | 16533 ||| Stepping ~*~*~tactically~*~*~ (stealth).
 16544 | D:12     | 16544 ||| Stepping ~*~*~tactically~*~*~ (stealth).
 16582 | D:12     | Reached XP level 15. HP: 92/95 MP: 22/22
 16603 | D:12     | Found a shadowy altar of Dithmenos.
 16731 | D:12     | 16731 ||| Stepping ~*~*~tactically~*~*~ (stealth).
 16732 | D:12     | 16732 ||| Stepping ~*~*~tactically~*~*~ (stealth).
 16734 | D:12     | 16734 ||| Stepping ~*~*~tactically~*~*~ (hiding).
 16868 | D:12     | 16868 ||| Stepping ~*~*~tactically~*~*~ (hiding).
 16876 | D:12     | 16876 ||| FLEEEEING.
 16879 | D:12     | 16879 ||| FLEEEEING.
 16880 | D:12     | 16880 ||| FLEEEEING.
 16881 | D:12     | 16881 ||| FLEEEEING.
 16896 | D:12     | 16896 ||| INVOKING Heroism.
 16911 | D:12     | 16911 ||| Stepping ~*~*~tactically~*~*~ (hiding).
 16913 | D:12     | 16913 ||| Stepping ~*~*~tactically~*~*~ (hiding).
 16915 | D:12     | 16915 ||| Stepping ~*~*~tactically~*~*~ (hiding).
 16917 | D:12     | 16917 ||| Stepping ~*~*~tactically~*~*~ (hiding).
 17229 | D:12     | 17229 ||| FLEEEEING.
 17234 | D:12     | 17234 ||| FLEEEEING.
 17235 | D:12     | 17235 ||| FLEEEEING.
 17236 | D:12     | 17236 ||| FLEEEEING.
 17237 | D:12     | 17237 ||| FLEEEEING.
 17240 | D:12     | 17240 ||| FLEEEEING.
 17241 | D:12     | 17241 ||| FLEEEEING.
 17242 | D:12     | 17242 ||| FLEEEEING.
 17243 | D:12     | 17243 ||| FLEEEEING.
 17244 | D:12     | 17244 ||| FLEEEEING.
 17245 | D:12     | 17245 ||| STAIRDANCE
 17347 | D:11     | 17347 ||| UPGRADING to +0 helmet.
 17674 | D:12     | Found a staircase to the Orcish Mines.
 17905 | D:13     | 17905 ||| PLANNING GAUNTLET
 17907 | D:13     | Found a runed translucent gate.
 17907 | D:13     | Found a runed translucent gate.
 17908 | D:13     | Found a runed translucent gate.
 17908 | D:13     | Noticed Buchaag's ghost (novice MiMo)
 17909 | D:13     | Noticed a frost giant
 18083 | D:13     | Found a gate leading to a gauntlet.
 18092 | D:13     | 18092 ||| READING scroll labelled KIANIN LUULELU.
 18092 | D:13     | Identified a scroll of acquirement
 18092 | D:13     | 18092 ||| ACQUIRING 733 gold pieces
 18092 | D:13     | Acquired 733 gold pieces
 18095 | Gauntlet | Entered a Gauntlet
 18095 | Gauntlet | Found a large runed translucent door.
 18095 | Gauntlet | Found a large runed translucent door.
 18095 | Gauntlet | Found a large runed translucent door.
 18095 | Gauntlet | Found a large runed translucent door.
 18095 | Gauntlet | Found a runed translucent door.
 18095 | Gauntlet | Found a large runed translucent door.
 18095 | Gauntlet | Found a large runed translucent door.
 18095 | Gauntlet | Found a transporter.
 18095 | Gauntlet | Found a transporter.
 18095 | Gauntlet | Found a large runed translucent door.
 18095 | Gauntlet | Found a large runed translucent door.
 18095 | Gauntlet | Found a runed translucent gate.
 18095 | Gauntlet | Found a runed translucent gate.
 18095 | Gauntlet | Found a transporter.
 18098 | Gauntlet | Found a transporter.
 18099 | Gauntlet | Found a transporter.
 18099 | Gauntlet | Found a transporter.
 18103 | Gauntlet | Found a runed translucent gate.
 18103 | Gauntlet | Found a runed translucent door.
 18113 | Gauntlet | Found a transporter.
 18114 | Gauntlet | Found a transporter.
 18117 | Gauntlet | Found the amulet of Vitality {RegenMP++ Regen++}
 18123 | Gauntlet | Found a transporter.
 18170 | Gauntlet | Found a large runed translucent door.
 18170 | Gauntlet | Found a large runed translucent door.
 18171 | Gauntlet | Found a large runed translucent door.
 18172 | Gauntlet | Found a large runed translucent door.
 18173 | Gauntlet | Found a large runed translucent door.
 18173 | Gauntlet | Found a large runed translucent door.
 18174 | Gauntlet | Found a large runed translucent door.
 18175 | Gauntlet | Found a large runed translucent door.
 18226 | Gauntlet | Found a transporter.
 18230 | Gauntlet | Found a transporter.
 18240 | Gauntlet | Found a transporter.
 18293 | Gauntlet | 18293 ||| INVOKING Heroism.
 18301 | Gauntlet | Reached skill level 12 in Fighting
 18352 | Gauntlet | 18352 ||| INVOKING Heroism.
 18353 | Gauntlet | 18353 ||| INVOKING Finesse.
 18420 | Gauntlet | 18420 ||| Stepping randomly (stuck).
 18422 | Gauntlet | 18422 ||| Stepping randomly (stuck).
 18441 | Gauntlet | Identified the +12 shortbow of Gism {freeze, rPois rC-
                  | Stlth+}
 18493 | Gauntlet | Identified the ring "Pishin" {rF+ Str+4 Int+6}
 18494 | Gauntlet | 18494 ||| INVOKING Heroism.
 18527 | Gauntlet | 18527 ||| UPGRADING to +1 tower shield of protection.
 18537 | Gauntlet | 18537 ||| DROPPING +1 kite shield of reflection.
 18538 | Gauntlet | 18538 ||| DROPPING +1 hat of stealth.
 18539 | Gauntlet | 18539 ||| UPGRADING to ring "Pishin" {rF+ Str+4 Int+6}.
 18541 | Gauntlet | 18541 ||| UPGRADING to +6 ring of strength.
 18543 | Gauntlet | 18543 ||| UPGRADING to +4 ring of evasion.
 18545 | Gauntlet | 18545 ||| DROPPING +6 ring of dexterity.
 18549 | D:13     | 18549 ||| PLANNING D
 18608 | D:13     | 18608 ||| READING scroll of enchant weapon.
 18608 | D:13     | 18608 ||| ENCHANTING +1 vampiric broad axe.
 19141 | D:13     | 19141 ||| READING scroll of enchant weapon.
 19141 | D:13     | 19141 ||| ENCHANTING +2 vampiric broad axe.
 19399 | D:14     | 19399 ||| INVOKING Heroism.
 19569 | D:14     | 19569 ||| INVOKING Heroism.
 19598 | D:14     | 19598 ||| Stepping ~*~*~tactically~*~*~ (hiding).
 19729 | D:14     | 19729 ||| INVOKING Heroism.
 19742 | D:14     | Received a gift from Okawaru
 19765 | D:14     | Found a gate to the Vaults.
 19784 | D:14     | Received a gift from Okawaru
 19914 | D:14     | 19914 ||| INVOKING Heroism.
 19915 | D:14     | 19915 ||| Stepping ~*~*~tactically~*~*~ (stealth).
 20113 | D:14     | Noticed Snorg
 20114 | D:14     | 20114 ||| INVOKING Finesse.
 20119 | D:14     | 20119 ||| INVOKING Heroism.
 20121 | D:14     | Killed Snorg
 20237 | D:14     | 20237 ||| UPGRADING to +2 plate armour of willpower.
 20247 | D:14     | 20247 ||| DROPPING +0 plate armour.
 20284 | D:15     | Entered Level 15 of the Dungeon
 20354 | D:15     | 20354 ||| Stepping ~*~*~tactically~*~*~ (hiding).
 20374 | D:15     | Found a staircase to the Depths.
 20375 | D:15     | 20375 ||| INVOKING Heroism.
 20495 | D:15     | 20495 ||| Stepping ~*~*~tactically~*~*~ (hiding).
 20523 | D:15     | 20523 ||| Stepping ~*~*~tactically~*~*~ (stealth).
 20542 | D:15     | Reached skill level 15 in Shields
 20571 | D:15     | 20571 ||| Stepping ~*~*~tactically~*~*~ (hiding).
 20574 | D:15     | 20574 ||| Stepping ~*~*~tactically~*~*~ (hiding).
 20575 | D:15     | 20575 ||| Stepping ~*~*~tactically~*~*~ (stealth).
 20580 | D:15     | 20580 ||| INVOKING Heroism.
 20582 | D:15     | Received a gift from Okawaru
 20589 | D:15     | 20589 ||| Stepping ~*~*~tactically~*~*~ (stealth).
 20602 | D:15     | Reached ****** piety under Okawaru
 20603 | D:15     | Reached XP level 16. HP: 101/101 MP: 23/23
 20657 | D:15     | 20657 ||| FLEEEEING.
 20774 | D:15     | Received a gift from Okawaru
 21058 | D:15     | 21058 ||| PLANNING ORC
 21058 | D:15     | 21058 ||| DROPPING ring of magical power.
 21221 | Orc:1    | Entered Level 1 of the Orcish Mines
 21222 | Orc:1    | 21222 ||| INVOKING Heroism.
 21267 | Orc:1    | Found a frozen archway.
 21272 | Orc:1    | 21272 ||| INVOKING Heroism.
 21350 | Orc:1    | 21350 ||| INVOKING Heroism.
 21351 | Orc:1    | 21351 ||| INVOKING Finesse.
 21387 | Orc:1    | 21387 ||| Stepping ~*~*~tactically~*~*~ (stealth).
 21390 | Orc:1    | 21390 ||| INVOKING Heroism.
 21618 | Orc:1    | 21618 ||| DROPPING +1 scale mail of Okawaru's Hope {rF++
                  | Int+5}.
 21619 | Orc:1    | 21619 ||| DROPPING +4 scale mail of fire resistance.
 21635 | Orc:2    | Entered Level 2 of the Orcish Mines
 21690 | Orc:2    | 21690 ||| INVOKING Heroism.
 21771 | Orc:2    | Identified the +3 scale mail "Yceaj" {rC+ Int+2} (Okawaru
                  | gifted it to you on level 2 of the Orcish Mines)
 21771 | Orc:2    | Received a gift from Okawaru
 21801 | Orc:2    | 21801 ||| INVOKING Heroism.
 21920 | Orc:2    | 21920 ||| INVOKING Heroism.
 21923 | Orc:2    | Reached skill level 6 in Throwing
 21977 | Orc:2    | Identified the +0 robe of Fortification {rF+++ Will+++
                  | Int-4}
 22131 | Orc:2    | Noticed Azrael
 22132 | Orc:2    | 22132 ||| INVOKING Heroism.
 22133 | Orc:2    | 22133 ||| INVOKING Finesse.
 22168 | Orc:2    | Killed Azrael
 22186 | Orc:2    | Noticed Donald
 22187 | Orc:2    | 22187 ||| INVOKING Finesse.
 22203 | Orc:2    | Killed Donald
 22243 | Orc:2    | 22243 ||| INVOKING Heroism.
 22313 | Orc:2    | 22313 ||| Stepping ~*~*~tactically~*~*~ (stealth).
 22314 | Orc:2    | 22314 ||| Stepping ~*~*~tactically~*~*~ (stealth).
 22316 | Orc:2    | 22316 ||| INVOKING Heroism.
 22338 | Orc:2    | 22338 ||| Stepping ~*~*~tactically~*~*~ (hiding).
 22342 | Orc:2    | 22342 ||| Stepping ~*~*~tactically~*~*~ (hiding).
 22343 | Orc:2    | 22343 ||| Stepping ~*~*~tactically~*~*~ (hiding).
 22345 | Orc:2    | 22345 ||| INVOKING Heroism.
 22367 | Orc:2    | 22367 ||| Stepping ~*~*~tactically~*~*~ (stealth).
 22368 | Orc:2    | 22368 ||| Stepping ~*~*~tactically~*~*~ (stealth).
 22374 | Orc:2    | Found Gises's Book Shoppe.
 22381 | Orc:2    | Paralysed by an ogre mage for 2 turns
 22429 | Orc:2    | Found a radiant altar of Vehumet.
 22430 | Orc:2    | 22430 ||| INVOKING Heroism.
 22435 | Orc:2    | 22435 ||| Stepping ~*~*~tactically~*~*~ (hiding).
 22464 | Orc:2    | Paralysed by an ogre mage for 3 turns
 22468 | Orc:2    | 22468 ||| INVOKING Heroism.
 22489 | Orc:2    | Found Zuiz Ata's Antique Weapon Emporium.
 22492 | Orc:2    | Noticed Nergalle
 22497 | Orc:2    | Noticed Saint Roka
 22497 | Orc:2    | 22497 ||| INVOKING Finesse.
 22511 | Orc:2    | Killed Nergalle
 22539 | Orc:2    | 22539 ||| INVOKING Finesse.
 22540 | Orc:2    | 22540 ||| INVOKING Heroism.
 22547 | Orc:2    | Killed Saint Roka
 22554 | Orc:2    | Found Nuataykuyv's Magic Scroll Emporium.
 22573 | Orc:2    | 22573 ||| BUYING scroll of enchant armour (127 gold).
 22573 | Orc:2    | Bought a scroll of enchant armour for 127 gold pieces
 22573 | Orc:2    | 22573 ||| BUYING scroll of teleportation (51 gold).
 22573 | Orc:2    | Bought a scroll of teleportation for 51 gold pieces
 22573 | Orc:2    | 22573 ||| BUYING scroll of teleportation (51 gold).
 22573 | Orc:2    | Bought a scroll of teleportation for 51 gold pieces
 22573 | Orc:2    | 22573 ||| BUYING scroll of teleportation (51 gold).
 22573 | Orc:2    | Bought a scroll of teleportation for 51 gold pieces
 22573 | Orc:2    | 22573 ||| READING scroll of enchant armour.
 22573 | Orc:2    | 22573 ||| ENCHANTING +0 helmet.
 22600 | Orc:2    | Found an ancient bone altar of Kikubaaqudgha.
 22612 | Orc:2    | 22612 ||| Stepping ~*~*~tactically~*~*~ (stealth).
 22618 | Orc:2    | 22618 ||| Stepping ~*~*~tactically~*~*~ (hiding).
 22619 | Orc:2    | 22619 ||| Stepping ~*~*~tactically~*~*~ (hiding).
 22634 | Orc:2    | Found Zaoqen's Distillery.
 22642 | Orc:2    | 22642 ||| BUYING potion of haste (140 gold).
 22642 | Orc:2    | Bought a potion of haste for 140 gold pieces
 22642 | Orc:2    | 22642 ||| BUYING potion of haste (140 gold).
 22642 | Orc:2    | Bought a potion of haste for 140 gold pieces
 22642 | Orc:2    | 22642 ||| BUYING potion of lignification (42 gold).
 22642 | Orc:2    | Bought a potion of lignification for 42 gold pieces
 22642 | Orc:2    | 22642 ||| BUYING potion of magic (112 gold).
 22642 | Orc:2    | Bought a potion of magic for 112 gold pieces
 22642 | Orc:2    | 22642 ||| BUYING potion of resistance (140 gold).
 22642 | Orc:2    | Bought a potion of resistance for 140 gold pieces
 22691 | Orc:2    | Found a staircase to the Elven Halls.
 22888 | Orc:2    | 22888 ||| DROPPING +4 skin of Zhor {*Englaciate rC+++
                  | SInv}.
 22889 | Orc:2    | 22889 ||| DROPPING +3 chain mail of fire resistance.
 22988 | Orc:1    | 22988 ||| INVOKING Heroism.
 23057 | Orc:1    | 23057 ||| PLANNING SHOALS:1-3
 23232 | Shoals:1 | Entered Level 1 of the Shoals
 23272 | Shoals:1 | 23272 ||| Stepping ~*~*~tactically~*~*~ (hiding).
 23273 | Shoals:1 | 23273 ||| Stepping ~*~*~tactically~*~*~ (hiding).
 23289 | Shoals:1 | 23289 ||| Stepping ~*~*~tactically~*~*~ (hiding).
 23295 | Shoals:1 | 23295 ||| INVOKING Heroism.
 23324 | Shoals:1 | 23324 ||| INVOKING Finesse.
 23339 | Shoals:1 | Reached skill level 12 in Armour
 23359 | Shoals:1 | 23359 ||| INVOKING Heroism.
 23401 | Shoals:1 | 23401 ||| INVOKING Heroism.
 23459 | Shoals:1 | Found Xuruap's Antique Armour Boutique.
 23467 | Shoals:1 | 23467 ||| BUYING blackened plate armour (896 gold).
 23467 | Shoals:1 | Bought a blackened plate armour for 896 gold pieces
 23467 | Shoals:1 | Identified the +7 plate armour of the Stone Wall {Str+4}
                  | (You bought it in a shop on level 1 of the Shoals)
 23467 | Shoals:1 | 23467 ||| BUYING pair of runed boots (240 gold).
 23467 | Shoals:1 | Bought a pair of runed boots for 240 gold pieces
 23689 | Shoals:1 | Identified the +7 war axe of the Shrike {vamp, Will+ Int+5}
 23832 | Shoals:1 | 23832 ||| DROPPING +0 morningstar of draining.
 24117 | Shoals:1 | 24117 ||| UPGRADING to +7 plate armour of the Stone Wall
                  | {Str+4}.
 24127 | Shoals:1 | 24127 ||| DROPPING +2 plate armour of willpower.
 24128 | Shoals:1 | 24128 ||| DROPPING +0 plate armour of cold resistance.
 24129 | Shoals:1 | 24129 ||| DROPPING +1 plate armour of fire resistance.
 24130 | Shoals:1 | 24130 ||| DROPPING +2 pair of boots.
 24169 | Shoals:2 | 24169 ||| INVOKING Heroism.
 24194 | Shoals:2 | Received a gift from Okawaru
 24228 | Shoals:2 | 24228 ||| Stepping ~*~*~tactically~*~*~ (stealth).
 24234 | Shoals:2 | 24234 ||| Stepping ~*~*~tactically~*~*~ (stealth).
 24240 | Shoals:2 | 24240 ||| INVOKING Heroism.
 24331 | Shoals:2 | 24331 ||| INVOKING Heroism.
 24346 | Shoals:2 | Reached XP level 17. HP: 106/106 MP: 24/24
 24492 | Shoals:2 | 24492 ||| Stepping ~*~*~tactically~*~*~ (hiding).
 24493 | Shoals:2 | 24493 ||| INVOKING Heroism.
 24659 | Shoals:2 | 24659 ||| INVOKING Heroism.
 24768 | Shoals:2 | 24768 ||| Stepping ~*~*~tactically~*~*~ (hiding).
 24769 | Shoals:2 | 24769 ||| INVOKING Heroism.
 24807 | Shoals:2 | 24807 ||| INVOKING Heroism.
 24808 | Shoals:2 | 24808 ||| INVOKING Finesse.
 24887 | Shoals:2 | 24887 ||| Stepping ~*~*~tactically~*~*~ (hiding).
 24928 | Shoals:2 | Noticed Nikola
 24929 | Shoals:2 | 24929 ||| FLEEEEING.
 24930 | Shoals:2 | 24930 ||| FLEEEEING.
 24950 | Shoals:2 | 24950 ||| INVOKING Heroism.
 24951 | Shoals:2 | 24951 ||| INVOKING Finesse.
 24966 | Shoals:2 | 24966 ||| INVOKING Heroism.
 24980 | Shoals:2 | Killed Nikola
 25128 | Shoals:2 | 25128 ||| INVOKING Heroism.
 25317 | Shoals:3 | Noticed Ilsuiw
 25318 | Shoals:3 | 25318 ||| INVOKING Heroism.
 25319 | Shoals:3 | 25319 ||| INVOKING Finesse.
 25319 | Shoals:3 | Noticed Polyphemus
 25342 | Shoals:3 | Reached skill level 13 in Fighting
 25360 | Shoals:3 | Killed Polyphemus
 25364 | Shoals:3 | Killed Ilsuiw
 25437 | Shoals:3 | Noticed a kraken
 25439 | Shoals:3 | 25439 ||| INVOKING Heroism.
 25449 | Shoals:3 | Killed a kraken
 25449 | Shoals:3 | Identified the +5 broad axe "Hios" {vorpal, Drain rPois
                  | rF+++} (Okawaru gifted it to you on level 3 of the Shoals)
 25449 | Shoals:3 | Received a gift from Okawaru
 25459 | Shoals:3 | 25459 ||| Stepping ~*~*~tactically~*~*~ (hiding).
 25460 | Shoals:3 | 25460 ||| Stepping ~*~*~tactically~*~*~ (hiding).
 25608 | Shoals:3 | 25608 ||| INVOKING Heroism.
 25696 | Shoals:3 | 25696 ||| Stepping ~*~*~tactically~*~*~ (stealth).
 25698 | Shoals:3 | 25698 ||| INVOKING Heroism.
 25700 | Shoals:3 | 25700 ||| Stepping ~*~*~tactically~*~*~ (hiding).
 25711 | Shoals:3 | 25711 ||| INVOKING Finesse.
 25770 | Shoals:3 | 25770 ||| Stepping ~*~*~tactically~*~*~ (hiding).
 25773 | Shoals:3 | 25773 ||| Stepping ~*~*~tactically~*~*~ (hiding).
 25985 | Shoals:3 | Found Cuowal's Jewellery Shop.
 25993 | Shoals:3 | 25993 ||| BUYING ring of protection from cold (275 gold).
 25993 | Shoals:3 | Bought a ring of protection from cold for 275 gold pieces
 25993 | Shoals:3 | 25993 ||| BUYING ring of protection from fire (275 gold).
 25993 | Shoals:3 | Bought a ring of protection from fire for 275 gold pieces
 25996 | Shoals:3 | 25996 ||| Stepping ~*~*~tactically~*~*~ (hiding).
 25997 | Shoals:3 | 25997 ||| Stepping ~*~*~tactically~*~*~ (hiding).
 25998 | Shoals:3 | 25998 ||| Stepping ~*~*~tactically~*~*~ (hiding).
 26238 | Shoals:3 | 26238 ||| PLANNING SPIDER:1-3
 26238 | Shoals:3 | 26238 ||| DROPPING ring of fire.
 26358 | Spider:1 | Entered Level 1 of the Spider Nest
 26559 | Spider:1 | 26559 ||| Stepping ~*~*~tactically~*~*~ (hiding).
 26640 | Spider:1 | 26640 ||| Stepping ~*~*~tactically~*~*~ (stealth).
 26645 | Spider:1 | 26645 ||| INVOKING Finesse.
 26707 | Spider:1 | 26707 ||| Stepping ~*~*~tactically~*~*~ (stealth).
 26712 | Spider:1 | 26712 ||| INVOKING Heroism.
 26782 | Spider:1 | 26782 ||| Stepping ~*~*~tactically~*~*~ (stealth).
 26784 | Spider:1 | 26784 ||| INVOKING Heroism.
 26886 | Spider:1 | 26886 ||| Stepping ~*~*~tactically~*~*~ (stealth).
 26888 | Spider:1 | 26888 ||| INVOKING Heroism.
 26934 | Spider:1 | 26934 ||| Stepping ~*~*~tactically~*~*~ (stealth).
 26940 | Spider:1 | 26940 ||| Stepping ~*~*~tactically~*~*~ (stealth).
 26944 | Spider:1 | 26944 ||| INVOKING Heroism.
 26955 | Spider:1 | 26955 ||| INVOKING Finesse.
 27007 | Spider:1 | 27007 ||| INVOKING Heroism.
 27008 | Spider:1 | 27008 ||| Stepping ~*~*~tactically~*~*~ (stealth).
 27019 | Spider:1 | 27019 ||| DRINKING 2 potions of curing.
 27019 | Spider:1 | 27019 ||| (to cure confusion)
 27135 | Spider:1 | 27135 ||| Stepping ~*~*~tactically~*~*~ (stealth).
 27137 | Spider:1 | 27137 ||| Stepping ~*~*~tactically~*~*~ (hiding).
 27148 | Spider:1 | 27148 ||| INVOKING Heroism.
 27151 | Spider:1 | Received a gift from Okawaru
 27165 | Spider:1 | 27165 ||| Stepping ~*~*~tactically~*~*~ (stealth).
 27169 | Spider:1 | 27169 ||| INVOKING Heroism.
 27184 | Spider:1 | 27184 ||| Stepping ~*~*~tactically~*~*~ (hiding).
 27191 | Spider:1 | 27191 ||| SWAPPING to +1 demon whip of venom.
 27193 | Spider:1 | 27193 ||| SWAPPING to +3 vampiric broad axe.
 27196 | Spider:1 | 27196 ||| Stepping ~*~*~tactically~*~*~ (cloud).
 27197 | Spider:1 | 27197 ||| Stepping ~*~*~tactically~*~*~ (stealth).
 27218 | Spider:1 | Reached skill level 18 in Axes
 27289 | Spider:1 | 27289 ||| INVOKING Heroism.
 27507 | Spider:2 | 27507 ||| INVOKING Heroism.
 27508 | Spider:2 | 27508 ||| STAIRDANCE
 27519 | Spider:2 | 27519 ||| STAIRDANCE
 27534 | Spider:2 | 27534 ||| STAIRDANCE
 27542 | Spider:2 | 27542 ||| STAIRDANCE
 27591 | Spider:2 | 27591 ||| INVOKING Heroism.
 27594 | Spider:2 | Identified the +7 scale mail "Nuevinih" {-Cast Harm rElec
                  | Will++} (Okawaru gifted it to you on level 2 of the Spider
                  | Nest)
 27594 | Spider:2 | Received a gift from Okawaru
 27595 | Spider:2 | Reached XP level 18. HP: 114/114 MP: 25/25
 27597 | Spider:2 | 27597 ||| INVOKING Finesse.
 27638 | Spider:2 | 27638 ||| DROPPING +1 demon whip of venom.
 27708 | Spider:2 | 27708 ||| Stepping ~*~*~tactically~*~*~ (stealth).
 27710 | Spider:2 | 27710 ||| Stepping ~*~*~tactically~*~*~ (stealth).
 27739 | Spider:2 | 27739 ||| Stepping ~*~*~tactically~*~*~ (stealth).
 27742 | Spider:2 | 27742 ||| INVOKING Heroism.
 27781 | Spider:2 | 27781 ||| Stepping ~*~*~tactically~*~*~ (stealth).
 27782 | Spider:2 | 27782 ||| Stepping ~*~*~tactically~*~*~ (stealth).
 27786 | Spider:2 | 27786 ||| Stepping ~*~*~tactically~*~*~ (stealth).
 27787 | Spider:2 | 27787 ||| Stepping ~*~*~tactically~*~*~ (stealth).
 27799 | Spider:2 | Reached skill level 14 in Fighting
 27822 | Spider:2 | 27822 ||| Stepping ~*~*~tactically~*~*~ (stealth).
 27847 | Spider:2 | Reached skill level 18 in Shields
 27863 | Spider:2 | You are sucked into a shaft and drop 1 floor!
 27864 | Spider:3 | 27864 ||| INVOKING Heroism.
 27898 | Spider:3 | Noticed Roxanne
 27899 | Spider:3 | 27899 ||| INVOKING Finesse.
 27924 | Spider:3 | 27924 ||| INVOKING Heroism.
 27946 | Spider:3 | Killed Roxanne
 28186 | Spider:3 | 28186 ||| Stepping ~*~*~tactically~*~*~ (stealth).
 28187 | Spider:3 | 28187 ||| Stepping ~*~*~tactically~*~*~ (stealth).
 28330 | Spider:3 | 28330 ||| Stepping ~*~*~tactically~*~*~ (stealth).
 28338 | Spider:3 | 28338 ||| INVOKING Heroism.
 28369 | Spider:3 | Noticed Aizul
 28370 | Spider:3 | 28370 ||| INVOKING Finesse.
 28376 | Spider:3 | 28376 ||| INVOKING Heroism.
 28394 | Spider:3 | Killed Aizul
 28414 | Spider:3 | 28414 ||| READING scroll of enchant armour.
 28414 | Spider:3 | 28414 ||| ENCHANTING +1 helmet.
 28456 | Spider:3 | 28456 ||| Stepping ~*~*~tactically~*~*~ (stealth).
 28458 | Spider:3 | 28458 ||| INVOKING Finesse.
 28460 | Spider:3 | 28460 ||| INVOKING Heroism.
 28555 | Spider:3 | 28555 ||| Stepping ~*~*~tactically~*~*~ (stealth).
 28557 | Spider:3 | 28557 ||| Stepping ~*~*~tactically~*~*~ (stealth).
 28559 | Spider:3 | 28559 ||| Stepping ~*~*~tactically~*~*~ (stealth).
 28559 | Spider:3 | Noticed Louise
 28560 | Spider:3 | 28560 ||| Stepping ~*~*~tactically~*~*~ (hiding).
 28561 | Spider:3 | 28561 ||| Stepping ~*~*~tactically~*~*~ (hiding).
 28568 | Abyss:2  | Cast into level 2 of the Abyss (Louise)
 28601 | Abyss:2  | 28601 ||| Stepping ~*~*~tactically~*~*~ (stealth).
 28620 | Abyss:2  | 28620 ||| INVOKING Heroism.
 28624 | Abyss:2  | Received a gift from Okawaru
 28625 | Abyss:2  | 28625 ||| Stepping ~*~*~tactically~*~*~ (stealth).
 28650 | Abyss:2  | 28650 ||| Stepping ~*~*~tactically~*~*~ (hiding).
 28666 | Abyss:2  | 28666 ||| Stepping ~*~*~tactically~*~*~ (hiding).
 28673 | Abyss:2  | 28673 ||| Stepping ~*~*~tactically~*~*~ (stealth).
 28721 | Abyss:2  | 28721 ||| Stepping ~*~*~tactically~*~*~ (hiding).
 28728 | Abyss:2  | 28728 ||| INVOKING Heroism.
 28729 | Abyss:2  | Paralysed by a great orb of eyes for 5 turns
 28766 | Abyss:2  | 28766 ||| Stepping ~*~*~tactically~*~*~ (stealth).
 28771 | Abyss:2  | 28771 ||| Stepping ~*~*~tactically~*~*~ (stealth).
 28808 | Abyss:2  | 28808 ||| INVOKING Heroism.
 28886 | Abyss:2  | 28886 ||| Stepping ~*~*~tactically~*~*~ (stealth).
 28890 | Abyss:2  | 28890 ||| Stepping ~*~*~tactically~*~*~ (stealth).
 28890 | Abyss:2  | Noticed a lich
 28891 | Abyss:2  | 28891 ||| Stepping ~*~*~tactically~*~*~ (hiding).
 28892 | Abyss:2  | 28892 ||| INVOKING Heroism.
 28893 | Abyss:2  | 28893 ||| INVOKING Finesse.
 28908 | Abyss:2  | Killed a lich
 28912 | Abyss:2  | 28912 ||| Stepping ~*~*~tactically~*~*~ (stealth).
 28913 | Abyss:2  | 28913 ||| Stepping ~*~*~tactically~*~*~ (stealth).
 28947 | Spider:3 | Escaped the Abyss
 28953 | Spider:3 | 28953 ||| Stepping ~*~*~tactically~*~*~ (hiding).
 28954 | Spider:3 | 28954 ||| Stepping ~*~*~tactically~*~*~ (hiding).
 28955 | Spider:3 | 28955 ||| Stepping ~*~*~tactically~*~*~ (hiding).
 28963 | Spider:3 | 28963 ||| Stepping ~*~*~tactically~*~*~ (hiding).
 28993 | Spider:3 | 28993 ||| Stepping ~*~*~tactically~*~*~ (hiding).
 29006 | Spider:3 | Killed Louise
 29268 | Spider:3 | 29268 ||| PLANNING SHOALS:4
 29268 | Spider:3 | 29268 ||| DROPPING +2 cloak.
 29269 | Spider:3 | 29269 ||| DROPPING +2 helmet.
 29270 | Spider:3 | 29270 ||| DROPPING amulet of reflection.
 29486 | Shoals:4 | Entered Level 4 of the Shoals
 29545 | Shoals:4 | 29545 ||| INVOKING Heroism.
 29546 | Shoals:4 | 29546 ||| INVOKING Finesse.
 29560 | Shoals:4 | Received a gift from Okawaru
 29592 | Shoals:4 | 29592 ||| INVOKING Heroism.
 29631 | Shoals:4 | 29631 ||| INVOKING Heroism.
 29738 | Shoals:4 | 29738 ||| INVOKING Heroism.
 29742 | Shoals:4 | Identified the amulet of Syndicalism {RegenMP rC++ Dex+3}
 29819 | Shoals:4 | 29819 ||| INVOKING Heroism.
 29840 | Shoals:4 | 29840 ||| INVOKING Heroism.
 29856 | Shoals:4 | Reached skill level 15 in Fighting
 29979 | Shoals:4 | 29979 ||| INVOKING Heroism.
 30018 | Shoals:4 | 30018 ||| Stepping ~*~*~tactically~*~*~ (hiding).
 30195 | Shoals:4 | 30195 ||| Stepping ~*~*~tactically~*~*~ (stealth).
 30197 | Shoals:4 | 30197 ||| INVOKING Heroism.
 30199 | Shoals:4 | 30199 ||| INVOKING Finesse.
 30214 | Shoals:4 | Reached XP level 19. HP: 124/124 MP: 24/26
 30326 | Shoals:4 | 30326 ||| INVOKING Heroism.
 30359 | Shoals:4 | 30359 ||| INVOKING Heroism.
 30445 | Shoals:4 | 30445 ||| Stepping ~*~*~tactically~*~*~ (hiding).
 30447 | Shoals:4 | 30447 ||| INVOKING Heroism.
 30448 | Shoals:4 | 30448 ||| INVOKING Finesse.
 30454 | Shoals:4 | 30454 ||| Stepping ~*~*~tactically~*~*~ (hiding).
 30468 | Shoals:4 | 30468 ||| Stepping ~*~*~tactically~*~*~ (hiding).
 30473 | Shoals:4 | 30473 ||| Stepping ~*~*~tactically~*~*~ (hiding).
 30482 | Shoals:4 | 30482 ||| Stepping ~*~*~tactically~*~*~ (hiding).
 30490 | Shoals:4 | Reached skill level 15 in Armour
 30490 | Shoals:4 | 30490 ||| Stepping ~*~*~tactically~*~*~ (hiding).
 30495 | Shoals:4 | 30495 ||| Stepping ~*~*~tactically~*~*~ (hiding).
 30507 | Shoals:4 | Received a gift from Okawaru
 30524 | Shoals:4 | 30524 ||| INVOKING Heroism.
 30540 | Shoals:4 | Got a barnacled rune of Zot
 30700 | Shoals:4 | 30700 ||| PLANNING VAULTS:1-4
 30700 | Shoals:4 | 30700 ||| DROPPING +1 hat.
 30701 | Shoals:4 | 30701 ||| DROPPING +6 ring of strength.
 30928 | Vaults:1 | Entered Level 1 of the Vaults
 31011 | Vaults:1 | 31011 ||| Stepping ~*~*~tactically~*~*~ (stealth).
 31015 | Vaults:1 | 31015 ||| INVOKING Heroism.
 31033 | Vaults:1 | Identified the +0 robe of Wisdom {Contam Int+7 Dex+4}
                  | (Okawaru gifted it to you on level 1 of the Vaults)
 31033 | Vaults:1 | Received a gift from Okawaru
 31068 | Vaults:1 | 31068 ||| Stepping ~*~*~tactically~*~*~ (stealth).
 31069 | Vaults:1 | 31069 ||| Stepping ~*~*~tactically~*~*~ (stealth).
 31267 | Vaults:1 | 31267 ||| INVOKING Heroism.
 31368 | Vaults:1 | 31368 ||| Stepping ~*~*~tactically~*~*~ (hiding).
 31404 | Vaults:1 | 31404 ||| INVOKING Heroism.
 31542 | Vaults:1 | Reached skill level 9 in Throwing
 31673 | Vaults:1 | Found Wyg Nianil's Magic Scroll Boutique.
 31683 | Vaults:1 | 31683 ||| BUYING scroll of enchant armour (135 gold).
 31683 | Vaults:1 | Bought a scroll of enchant armour for 135 gold pieces
 31698 | Vaults:1 | 31698 ||| Stepping ~*~*~tactically~*~*~ (stealth).
 31706 | Vaults:1 | 31706 ||| INVOKING Heroism.
 31775 | Vaults:1 | 31775 ||| Stepping ~*~*~tactically~*~*~ (stealth).
 31777 | Vaults:1 | 31777 ||| Stepping ~*~*~tactically~*~*~ (stealth).
 31835 | Vaults:1 | 31835 ||| Stepping ~*~*~tactically~*~*~ (stealth).
 31839 | Vaults:1 | 31839 ||| Stepping ~*~*~tactically~*~*~ (stealth).
 32469 | Vaults:2 | 32469 ||| INVOKING Heroism.
 32477 | Vaults:2 | Reached skill level 16 in Fighting
 32602 | Vaults:2 | 32602 ||| Stepping ~*~*~tactically~*~*~ (hiding).
 32852 | Vaults:2 | Found Kauruwit's Distillery.
 32855 | Vaults:2 | 32855 ||| BUYING potion of attraction (54 gold).
 32855 | Vaults:2 | Bought a potion of attraction for 54 gold pieces
 32855 | Vaults:2 | 32855 ||| BUYING potion of curing (54 gold).
 32855 | Vaults:2 | Bought a potion of curing for 54 gold pieces
 32855 | Vaults:2 | 32855 ||| BUYING potion of lignification (54 gold).
 32855 | Vaults:2 | Bought a potion of lignification for 54 gold pieces
 32855 | Vaults:2 | 32855 ||| BUYING potion of magic (144 gold).
 32855 | Vaults:2 | Bought a potion of magic for 144 gold pieces
 32855 | Vaults:2 | 32855 ||| BUYING potion of might (72 gold).
 32855 | Vaults:2 | Bought a potion of might for 72 gold pieces
 32855 | Vaults:2 | 32855 ||| BUYING potion of might (72 gold).
 32855 | Vaults:2 | Bought a potion of might for 72 gold pieces
 32855 | Vaults:2 | 32855 ||| BUYING potion of resistance (180 gold).
 32855 | Vaults:2 | Bought a potion of resistance for 180 gold pieces
 32862 | Vaults:2 | 32862 ||| INVOKING Heroism.
 32917 | Vaults:2 | 32917 ||| INVOKING Heroism.
 33013 | Vaults:2 | 33013 ||| Stepping ~*~*~tactically~*~*~ (hiding).
 33016 | Vaults:2 | 33016 ||| INVOKING Heroism.
 33124 | Vaults:2 | 33124 ||| INVOKING Heroism.
 33132 | Vaults:2 | Received a gift from Okawaru
 33271 | Vaults:2 | 33271 ||| Stepping ~*~*~tactically~*~*~ (stealth).
 33272 | Vaults:2 | 33272 ||| Stepping ~*~*~tactically~*~*~ (stealth).
 33368 | Vaults:2 | 33368 ||| INVOKING Heroism.
 33381 | Vaults:2 | Reached XP level 20. HP: 132/132 MP: 27/27
 33403 | Vaults:2 | 33403 ||| Stepping ~*~*~tactically~*~*~ (hiding).
 33423 | Vaults:2 | 33423 ||| INVOKING Heroism.
 33435 | Vaults:2 | Reached skill level 17 in Fighting
 33486 | Vaults:2 | 33486 ||| Stepping ~*~*~tactically~*~*~ (hiding).
 33911 | Vaults:2 | 33911 ||| INVOKING Heroism.
 34010 | Vaults:3 | 34010 ||| STAIRDANCE
 34018 | Vaults:2 | Reached skill level 6 in Dodging
 34039 | Vaults:3 | 34039 ||| Stepping ~*~*~tactically~*~*~ (stealth).
 34046 | Vaults:3 | 34046 ||| INVOKING Heroism.
 34067 | Vaults:3 | Identified the +1 animal skin of Satesum {+Blink Fly rElec
                  | Int+2} (Okawaru gifted it to you on level 3 of the Vaults)
 34067 | Vaults:3 | Received a gift from Okawaru
 34377 | Vaults:3 | 34377 ||| Stepping ~*~*~tactically~*~*~ (hiding).
 34383 | Vaults:3 | 34383 ||| INVOKING Heroism.
 34421 | Vaults:3 | 34421 ||| Stepping ~*~*~tactically~*~*~ (stealth).
 34480 | Vaults:3 | Found Gozag's Antique Armour Boutique.
 34521 | Vaults:3 | Found an opulent altar of Gozag.
 34524 | Vaults:3 | 34524 ||| READING 12 scrolls of teleportation.
 34534 | Vaults:3 | 34534 ||| INVOKING Heroism.
 34568 | Vaults:3 | Noticed Sojobo
 34569 | Vaults:3 | 34569 ||| INVOKING Finesse.
 34577 | Vaults:3 | Paralysed by an air elemental for 1 turns
 34593 | Vaults:3 | Killed Sojobo
 34598 | Vaults:3 | 34598 ||| INVOKING Heroism.
 34687 | Vaults:3 | 34687 ||| INVOKING Heroism.
 34708 | Vaults:3 | Noticed Bai Suzhen
 34724 | Vaults:3 | 34724 ||| INVOKING Heroism.
 34737 | Vaults:3 | Killed Bai Suzhen
 34744 | Vaults:3 | Reached skill level 18 in Fighting
 35150 | Vaults:3 | Found Gozag's Antique Weapon Shop.
 35161 | Vaults:3 | 35161 ||| BUYING dazzling helmet (950 gold).
 35161 | Vaults:3 | Bought a dazzling helmet for 950 gold pieces
 35161 | Vaults:3 | Identified the -1 helmet "For Hor" {Regen+ Int+6 Stlth+}
                  | (You bought it in a shop on level 3 of the Vaults)
 35166 | Vaults:3 | Found Gozag's Antique Armour Shop.
 35177 | Vaults:3 | 35177 ||| SHOPLISTING heavily runed fire dragon scales
                  | (6500 gold, have 525).
 35206 | Vaults:3 | Found a staircase to the Crypt.
 35206 | Vaults:3 | Found an ancient bone altar of Kikubaaqudgha.
 35206 | Vaults:3 | Found a basalt altar of Yredelemnul.
 35274 | Vaults:3 | 35274 ||| Stepping ~*~*~tactically~*~*~ (hiding).
 35276 | Vaults:3 | 35276 ||| Stepping ~*~*~tactically~*~*~ (hiding).
 35376 | Vaults:3 | 35376 ||| FLEEEEING.
 35383 | Vaults:3 | 35383 ||| FLEEEEING.
 35387 | Vaults:3 | 35387 ||| FLEEEEING.
 35388 | Vaults:3 | 35388 ||| FLEEEEING.
 35389 | Vaults:3 | 35389 ||| FLEEEEING.
 35390 | Vaults:3 | 35390 ||| FLEEEEING.
 35391 | Vaults:3 | 35391 ||| FLEEEEING.
 35392 | Vaults:3 | 35392 ||| FLEEEEING.
 35393 | Vaults:3 | 35393 ||| FLEEEEING.
 35394 | Vaults:3 | 35394 ||| FLEEEEING.
 35400 | Vaults:3 | 35400 ||| FLEEEEING.
 35401 | Vaults:3 | 35401 ||| FLEEEEING.
 35402 | Vaults:3 | 35402 ||| FLEEEEING.
 35404 | Vaults:3 | 35404 ||| FLEEEEING.
 35405 | Vaults:3 | 35405 ||| FLEEEEING.
 35406 | Vaults:3 | 35406 ||| FLEEEEING.
 35408 | Vaults:3 | 35408 ||| STAIRDANCE
 35527 | Vaults:2 | 35527 ||| UPGRADING to -1 helmet "For Hor" {Regen+ Int+6
                  | Stlth+}.
 35537 | Vaults:2 | 35537 ||| DROPPING +2 helmet.
 35547 | Vaults:3 | 35547 ||| STAIRDANCE
 35804 | Vaults:3 | 35804 ||| INVOKING Heroism.
 35814 | Vaults:3 | Identified the +0 ring mail of Wariness {rElec} (Okawaru
                  | gifted it to you on level 3 of the Vaults)
 35814 | Vaults:3 | Received a gift from Okawaru
 35889 | Vaults:4 | 35889 ||| STAIRDANCE
 35964 | Vaults:4 | 35964 ||| Stepping ~*~*~tactically~*~*~ (stealth).
 35966 | Vaults:4 | 35966 ||| INVOKING Heroism.
 36010 | Vaults:4 | 36010 ||| Stepping ~*~*~tactically~*~*~ (stealth).
 36047 | Vaults:4 | 36047 ||| Stepping ~*~*~tactically~*~*~ (stealth).
 36049 | Vaults:4 | 36049 ||| Stepping ~*~*~tactically~*~*~ (hiding).
 36052 | Vaults:4 | 36052 ||| INVOKING Heroism.
 36225 | Vaults:4 | 36225 ||| INVOKING Heroism.
 36243 | Vaults:4 | Reached XP level 21. HP: 141/141 MP: 28/28
 36246 | Abyss:2  | Cast into level 2 of the Abyss (a wizard)
 36252 | Abyss:2  | Found a corrupted altar of Lugonu.
 36283 | Abyss:2  | 36283 ||| Stepping ~*~*~tactically~*~*~ (stealth).
 36291 | Abyss:2  | 36291 ||| INVOKING Heroism.
 36338 | Abyss:2  | 36338 ||| Stepping ~*~*~tactically~*~*~ (stealth).
 36349 | Abyss:2  | 36349 ||| Stepping ~*~*~tactically~*~*~ (stealth).
 36350 | Abyss:2  | 36350 ||| Stepping ~*~*~tactically~*~*~ (stealth).
 36351 | Abyss:2  | 36351 ||| Stepping ~*~*~tactically~*~*~ (stealth).
 36371 | Abyss:2  | 36371 ||| Stepping ~*~*~tactically~*~*~ (stealth).
 36373 | Abyss:2  | 36373 ||| Stepping ~*~*~tactically~*~*~ (hiding).
 36375 | Abyss:2  | 36375 ||| Stepping ~*~*~tactically~*~*~ (hiding).
 36381 | Abyss:2  | 36381 ||| Stepping ~*~*~tactically~*~*~ (hiding).
 36384 | Abyss:2  | 36384 ||| Stepping ~*~*~tactically~*~*~ (hiding).
 36404 | Abyss:2  | 36404 ||| INVOKING Heroism.
 36419 | Abyss:2  | 36419 ||| Stepping ~*~*~tactically~*~*~ (stealth).
 36428 | Abyss:2  | 36428 ||| Stepping ~*~*~tactically~*~*~ (stealth).
 36437 | Abyss:2  | 36437 ||| Stepping ~*~*~tactically~*~*~ (stealth).
 36447 | Abyss:2  | 36447 ||| Stepping ~*~*~tactically~*~*~ (hiding).
 36451 | Abyss:2  | 36451 ||| Stepping randomly (cloudy).
 36452 | Abyss:2  | 36452 ||| Stepping randomly (cloudy).
 36453 | Abyss:2  | 36453 ||| Stepping ~*~*~tactically~*~*~ (cloud).
 36457 | Abyss:2  | 36457 ||| Stepping ~*~*~tactically~*~*~ (stealth).
 36459 | Abyss:2  | 36459 ||| Stepping ~*~*~tactically~*~*~ (stealth).
 36470 | Abyss:2  | 36470 ||| Stepping ~*~*~tactically~*~*~ (stealth).
 36471 | Abyss:2  | 36471 ||| Stepping ~*~*~tactically~*~*~ (stealth).
 36472 | Abyss:2  | 36472 ||| Stepping ~*~*~tactically~*~*~ (stealth).
 36473 | Abyss:2  | 36473 ||| Stepping ~*~*~tactically~*~*~ (stealth).
 36500 | Abyss:2  | 36500 ||| Stepping ~*~*~tactically~*~*~ (hiding).
 36502 | Abyss:2  | 36502 ||| Stepping ~*~*~tactically~*~*~ (hiding).
 36508 | Abyss:2  | 36508 ||| INVOKING Heroism.
 36536 | Abyss:2  | Reached skill level 18 in Armour
 36558 | Abyss:2  | 36558 ||| Stepping ~*~*~tactically~*~*~ (stealth).
 36563 | Abyss:2  | 36563 ||| INVOKING Heroism.
 36595 | Abyss:2  | 36595 ||| Stepping randomly (cloudy).
 36596 | Abyss:2  | 36596 ||| Stepping ~*~*~tactically~*~*~ (cloud).
 36599 | Abyss:2  | 36599 ||| Stepping randomly (cloudy).
 36600 | Abyss:2  | 36600 ||| INVOKING Heroism.
 36621 | Abyss:2  | 36621 ||| Stepping ~*~*~tactically~*~*~ (stealth).
 36625 | Abyss:2  | 36625 ||| Stepping ~*~*~tactically~*~*~ (stealth).
 36627 | Abyss:2  | 36627 ||| Stepping ~*~*~tactically~*~*~ (stealth).
 36640 | Vaults:4 | Escaped the Abyss
 36934 | Vaults:4 | 36934 ||| Stepping ~*~*~tactically~*~*~ (hiding).
 36935 | Vaults:4 | 36935 ||| INVOKING Heroism.
 36937 | Vaults:4 | 36937 ||| Stepping ~*~*~tactically~*~*~ (hiding).
 36938 | Vaults:4 | 36938 ||| Stepping ~*~*~tactically~*~*~ (hiding).
 36939 | Vaults:4 | 36939 ||| Stepping ~*~*~tactically~*~*~ (hiding).
 37031 | Vaults:4 | 37031 ||| INVOKING Heroism.
 37032 | Vaults:4 | 37032 ||| INVOKING Finesse.
 37126 | Vaults:4 | 37126 ||| Stepping ~*~*~tactically~*~*~ (hiding).
 37128 | Vaults:4 | 37128 ||| Stepping ~*~*~tactically~*~*~ (hiding).
 37131 | Vaults:4 | 37131 ||| INVOKING Heroism.
 37281 | Vaults:4 | 37281 ||| Stepping ~*~*~tactically~*~*~ (hiding).
 37289 | Vaults:4 | 37289 ||| INVOKING Heroism.
 37303 | Vaults:4 | Received a gift from Okawaru
 37334 | Vaults:4 | 37334 ||| READING scroll of acquirement.
 37334 | Vaults:4 | 37334 ||| ACQUIRING 796 gold pieces
 37334 | Vaults:4 | Acquired 796 gold pieces
 37468 | Vaults:4 | Identified the +7 trident of Doors {vamp, Fly rCorr Int-5}
 37632 | Vaults:4 | 37632 ||| Stepping ~*~*~tactically~*~*~ (hiding).
 37782 | Vaults:4 | Received a gift from Okawaru
 37807 | Vaults:4 | 37807 ||| Stepping ~*~*~tactically~*~*~ (hiding).
 37938 | Vaults:4 | 37938 ||| PLANNING SPIDER:4
 37938 | Vaults:4 | 37938 ||| DROPPING amulet of magic regeneration.
 38292 | Spider:4 | Entered Level 4 of the Spider Nest
 38293 | Spider:4 | 38293 ||| INVOKING Heroism.
 38296 | Spider:4 | 38296 ||| STAIRDANCE
 38301 | Spider:4 | 38301 ||| STAIRDANCE
 38312 | Spider:4 | 38312 ||| STAIRDANCE
 38320 | Spider:4 | 38320 ||| STAIRDANCE
 38324 | Spider:4 | 38324 ||| STAIRDANCE
 38332 | Spider:4 | 38332 ||| STAIRDANCE
 38357 | Spider:4 | 38357 ||| STAIRDANCE
 38466 | Spider:4 | 38466 ||| STAIRDANCE
 38481 | Spider:4 | 38481 ||| Stepping ~*~*~tactically~*~*~ (stealth).
 38492 | Spider:4 | 38492 ||| INVOKING Heroism.
 38504 | Spider:4 | Reached skill level 19 in Fighting
 38511 | Spider:4 | Received a gift from Okawaru
 38535 | Spider:4 | 38535 ||| INVOKING Heroism.
 38591 | Spider:4 | 38591 ||| INVOKING Heroism.
 38600 | Spider:4 | Identified the +7 war axe of a sewer {antimagic, rPois rN+}
                  | (Okawaru gifted it to you on level 4 of the Spider Nest)
 38600 | Spider:4 | Received a gift from Okawaru
 38601 | Spider:4 | 38601 ||| DRINKING 6 potions of curing.
 38601 | Spider:4 | 38601 ||| (to cure confusion)
 38698 | Spider:4 | 38698 ||| INVOKING Heroism.
 38702 | Spider:4 | Gained mutation: Your body sometimes deteriorates upon
                  | taking damage. [mutagenic glow]
 38853 | Spider:4 | 38853 ||| Stepping ~*~*~tactically~*~*~ (stealth).
 38892 | Spider:4 | Got a gossamer rune of Zot
 39114 | Spider:4 | 39114 ||| PLANNING DEPTHS
 39114 | Spider:4 | 39114 ||| DROPPING scarf of invisibility.
 39115 | Spider:4 | 39115 ||| DROPPING +1 hat of stealth.
 39382 | Depths:1 | Entered Level 1 of the Depths
 39484 | Depths:1 | 39484 ||| Stepping ~*~*~tactically~*~*~ (hiding).
 39485 | Depths:1 | 39485 ||| Stepping ~*~*~tactically~*~*~ (hiding).
 39486 | Depths:1 | 39486 ||| INVOKING Heroism.
 39671 | Depths:1 | 39671 ||| Stepping ~*~*~tactically~*~*~ (hiding).
 39676 | Depths:1 | 39676 ||| INVOKING Heroism.
 39678 | Depths:1 | 39678 ||| INVOKING Finesse.
 39707 | Depths:1 | Found a gateway to Hell.
 39739 | Depths:1 | Found a hazy altar of Hepliaklqana.
 39748 | Depths:1 | 39748 ||| Stepping ~*~*~tactically~*~*~ (stealth).
 39853 | Depths:1 | Found Joskaapu's Magic Scroll Boutique.
 39855 | Depths:1 | 39855 ||| Stepping ~*~*~tactically~*~*~ (hiding).
 39860 | Depths:1 | Reached XP level 22. HP: 149/149 MP: 29/29
 39879 | Depths:1 | 39879 ||| BUYING scroll of enchant armour (82 gold).
 39879 | Depths:1 | Bought a scroll of enchant armour for 82 gold pieces
 39879 | Depths:1 | 39879 ||| BUYING scroll of teleportation (33 gold).
 39879 | Depths:1 | Bought a scroll of teleportation for 33 gold pieces
 39900 | Depths:1 | 39900 ||| INVOKING Heroism.
 39901 | Depths:1 | 39901 ||| INVOKING Finesse.
 40060 | Depths:1 | 40060 ||| Stepping ~*~*~tactically~*~*~ (stealth).
 40061 | Depths:1 | 40061 ||| Stepping ~*~*~tactically~*~*~ (stealth).
 40097 | Depths:1 | Found a one-way gate leading to the halls of Pandemonium.
 40110 | Depths:1 | 40110 ||| INVOKING Heroism.
 40123 | Depths:1 | Received a gift from Okawaru
 40251 | Depths:1 | 40251 ||| Stepping ~*~*~tactically~*~*~ (stealth).
 40253 | Depths:1 | 40253 ||| Stepping ~*~*~tactically~*~*~ (stealth).
 40265 | Depths:1 | 40265 ||| INVOKING Heroism.
 40303 | Depths:1 | 40303 ||| INVOKING Heroism.
 40452 | Depths:1 | 40452 ||| Stepping ~*~*~tactically~*~*~ (stealth).
 40455 | Depths:1 | 40455 ||| Stepping ~*~*~tactically~*~*~ (stealth).
 40547 | Depths:2 | 40547 ||| INVOKING Heroism.
 40550 | Depths:2 | 40550 ||| INVOKING Finesse.
 40628 | Depths:2 | 40628 ||| INVOKING Heroism.
 40629 | Depths:2 | Received a gift from Okawaru
 40696 | Depths:2 | 40696 ||| INVOKING Heroism.
 40699 | Depths:2 | Noticed a dread lich
 40700 | Depths:2 | 40700 ||| INVOKING Finesse.
 40720 | Depths:2 | Reached skill level 20 in Fighting
 40732 | Depths:2 | Killed a dread lich
 40732 | Depths:2 | Received a gift from Okawaru
 40935 | Depths:2 | 40935 ||| Stepping ~*~*~tactically~*~*~ (hiding).
 41025 | Depths:2 | Found Aqosm's Jewellery Boutique.
 41033 | Depths:2 | 41033 ||| BUYING amulet "Uniom" {Acrobat rF+ rCorr Str+4}
                  | (1044 gold).
 41033 | Depths:2 | Bought the amulet "Uniom" {Acrobat rF+ rCorr Str+4} for
                  | 1044 gold pieces
 41033 | Depths:2 | 41033 ||| BUYING ring "Lyadd" {AC+4 Str+3 Int+3} (1000
                  | gold).
 41033 | Depths:2 | Bought the ring "Lyadd" {AC+4 Str+3 Int+3} for 1000 gold
                  | pieces
 41033 | Depths:2 | Found Tenoic's General Store.
 41056 | Depths:2 | 41056 ||| Stepping ~*~*~tactically~*~*~ (stealth).
 41059 | Depths:2 | 41059 ||| INVOKING Heroism.
 41066 | Depths:2 | Noticed the Enchantress
 41067 | Depths:2 | 41067 ||| INVOKING Finesse.
 41077 | Depths:2 | 41077 ||| Stepping ~*~*~tactically~*~*~ (hiding).
 41096 | Depths:2 | Received a gift from Okawaru
 41098 | Depths:2 | Killed the Enchantress
 41114 | Depths:2 | 41114 ||| INVOKING Heroism.
 41185 | Depths:2 | 41185 ||| READING scroll of enchant weapon.
 41185 | Depths:2 | 41185 ||| ENCHANTING +3 vampiric broad axe.
 41198 | Depths:2 | 41198 ||| BUYING scroll of teleportation (48 gold).
 41198 | Depths:2 | Bought a scroll of teleportation for 48 gold pieces
 41203 | Depths:2 | Identified the +5 dire flail "Hulanec" {holy, MP-9 Str+8}
 41281 | Depths:2 | 41281 ||| Stepping ~*~*~tactically~*~*~ (stealth).
 41366 | Depths:2 | 41366 ||| INVOKING Heroism.
 41993 | Depths:2 | 41993 ||| INVOKING Heroism.
 42066 | Depths:2 | 42066 ||| DROPPING +4 ring of slaying {mikee}.
 42067 | Depths:2 | 42067 ||| UPGRADING to ring "Lyadd" {AC+4 Str+3 Int+3}.
 42069 | Depths:2 | 42069 ||| UPGRADING to ring "Pishin" {rF+ Str+4 Int+6}.
 42090 | Depths:3 | 42090 ||| Stepping ~*~*~tactically~*~*~ (hiding).
 42093 | Depths:3 | 42093 ||| Stepping ~*~*~tactically~*~*~ (hiding).
 42093 | Depths:3 | You are sucked into a shaft and drop 1 floor!
 42093 | Depths:4 | Entered Level 4 of the Depths
 42094 | Depths:4 | 42094 ||| INVOKING Heroism.
 42095 | Depths:4 | 42095 ||| INVOKING Finesse.
 42124 | Depths:4 | Received a gift from Okawaru
 42144 | Depths:4 | 42144 ||| Stepping ~*~*~tactically~*~*~ (hiding).
 42145 | Depths:4 | 42145 ||| Stepping ~*~*~tactically~*~*~ (hiding).
 42153 | Depths:4 | 42153 ||| INVOKING Heroism.
 42166 | Depths:4 | 42166 ||| DROPPING +2 vorpal broad axe.
 42193 | Depths:4 | Identified the +6 rapier of Cytetio {freeze, rElec rPois}
 42202 | Depths:4 | 42202 ||| Stepping ~*~*~tactically~*~*~ (hiding).
 42248 | Depths:4 | 42248 ||| INVOKING Heroism.
 42257 | Depths:4 | Reached skill level 21 in Shields
 42313 | Depths:4 | Noticed a golden dragon
 42314 | Depths:4 | 42314 ||| Stepping ~*~*~tactically~*~*~ (hiding).
 42316 | Depths:4 | 42316 ||| INVOKING Heroism.
 42317 | Depths:4 | 42317 ||| INVOKING Finesse.
 42321 | Depths:4 | Killed a golden dragon
 42368 | Depths:4 | Found a gate to the Realm of Zot.
 42427 | Depths:3 | 42427 ||| Stepping ~*~*~tactically~*~*~ (hiding).
 42473 | Depths:3 | Identified the +4 scale mail of the Pit {Int+4}
 42511 | Depths:3 | Found Xofakhlu's Book Shoppe.
 42522 | Depths:3 | 42522 ||| INVOKING Heroism.
 42530 | Depths:3 | Reached XP level 23. HP: 158/158 MP: 30/30
 42556 | Depths:3 | 42556 ||| Stepping ~*~*~tactically~*~*~ (hiding).
 42559 | Depths:3 | 42559 ||| INVOKING Finesse.
 42608 | Depths:3 | 42608 ||| Stepping ~*~*~tactically~*~*~ (hiding).
 42706 | Depths:3 | 42706 ||| Stepping ~*~*~tactically~*~*~ (stealth).
 42708 | Depths:3 | 42708 ||| INVOKING Finesse.
 42714 | Depths:3 | 42714 ||| INVOKING Heroism.
 42729 | Depths:3 | Reached skill level 21 in Fighting
 42810 | Depths:3 | 42810 ||| INVOKING Heroism.
 42811 | Depths:3 | 42811 ||| INVOKING Finesse.
 42829 | Depths:3 | Found Huiwk's Distillery.
 42834 | Depths:3 | 42834 ||| BUYING 2 potions of heal wounds (150 gold).
 42834 | Depths:3 | Bought 2 potions of heal wounds for 150 gold pieces
 42834 | Depths:3 | 42834 ||| BUYING potion of curing (45 gold).
 42834 | Depths:3 | Bought a potion of curing for 45 gold pieces
 42834 | Depths:3 | 42834 ||| BUYING potion of heal wounds (75 gold).
 42834 | Depths:3 | Bought a potion of heal wounds for 75 gold pieces
 42834 | Depths:3 | 42834 ||| BUYING potion of might (60 gold).
 42834 | Depths:3 | Bought a potion of might for 60 gold pieces
 42834 | Depths:3 | 42834 ||| BUYING potion of mutation (120 gold).
 42834 | Depths:3 | Bought a potion of mutation for 120 gold pieces
 42839 | Depths:3 | Identified the +1 scale mail of Death's Door {Str-5 Int+8
                  | Dex+5}
 42896 | Depths:3 | Found a one-way gateway to a ziggurat.
 43010 | Depths:3 | 43010 ||| Stepping ~*~*~tactically~*~*~ (hiding).
 43012 | Depths:3 | 43012 ||| Stepping ~*~*~tactically~*~*~ (hiding).
 43136 | Depths:3 | Noticed a golden dragon
 43136 | Depths:3 | Noticed a golden dragon
 43137 | Depths:3 | 43137 ||| Stepping ~*~*~tactically~*~*~ (hiding).
 43138 | Depths:3 | 43138 ||| INVOKING Heroism.
 43139 | Depths:3 | 43139 ||| INVOKING Finesse.
 43147 | Depths:3 | Killed a golden dragon
 43155 | Depths:3 | Killed a golden dragon
 43184 | Depths:3 | Received a gift from Okawaru
 43207 | Depths:3 | 43207 ||| Stepping ~*~*~tactically~*~*~ (stealth).
 43208 | Depths:3 | 43208 ||| Stepping ~*~*~tactically~*~*~ (stealth).
 43209 | Depths:3 | 43209 ||| Stepping ~*~*~tactically~*~*~ (stealth).
 43210 | Depths:3 | 43210 ||| Stepping ~*~*~tactically~*~*~ (stealth).
 43212 | Depths:3 | 43212 ||| INVOKING Heroism.
 43257 | Depths:3 | 43257 ||| SWAPPING to +5 vampiric broad axe.
 43258 | Depths:3 | 43258 ||| DROPPING +3 broad axe of electrocution.
 43259 | Depths:3 | 43259 ||| DROPPING +4 vampiric broad axe.
 43259 | Depths:3 | Noticed a golden dragon
 43260 | Depths:3 | 43260 ||| Stepping ~*~*~tactically~*~*~ (stealth).
 43261 | Depths:3 | 43261 ||| Stepping ~*~*~tactically~*~*~ (stealth).
 43262 | Depths:3 | 43262 ||| Stepping ~*~*~tactically~*~*~ (stealth).
 43263 | Depths:3 | 43263 ||| Stepping ~*~*~tactically~*~*~ (stealth).
 43264 | Depths:3 | 43264 ||| Stepping ~*~*~tactically~*~*~ (stealth).
 43265 | Depths:3 | 43265 ||| Stepping ~*~*~tactically~*~*~ (stealth).
 43266 | Depths:3 | 43266 ||| Stepping ~*~*~tactically~*~*~ (stealth).
 43267 | Depths:3 | 43267 ||| Stepping ~*~*~tactically~*~*~ (stealth).
 43269 | Depths:3 | 43269 ||| INVOKING Heroism.
 43270 | Depths:3 | 43270 ||| INVOKING Finesse.
 43280 | Depths:3 | Killed a golden dragon
 43309 | Depths:3 | Identified the +6 great sword of the Blowfly {venom,
                  | Fragile rPois Will- Int+9}
 43350 | Depths:3 | 43350 ||| Stepping ~*~*~tactically~*~*~ (hiding).
 43490 | Depths:3 | 43490 ||| FLEEEEING.
 43491 | Depths:3 | 43491 ||| FLEEEEING.
 43495 | Depths:3 | 43495 ||| Stepping ~*~*~tactically~*~*~ (hiding).
 43497 | Depths:3 | 43497 ||| INVOKING Heroism.
 43498 | Depths:3 | 43498 ||| INVOKING Finesse.
 43499 | Depths:3 | 43499 ||| Stepping ~*~*~tactically~*~*~ (hiding).
 43513 | Depths:3 | Reached skill level 12 in Throwing
 43862 | Depths:4 | 43862 ||| INVOKING Heroism.
 43892 | Depths:4 | Received a gift from Okawaru
 44357 | Depths:4 | 44357 ||| DRINKING 8 potions of curing.
 44357 | Depths:4 | 44357 ||| (to cure confusion)
 44369 | Depths:4 | Identified the +6 chain mail "Tahoniha" {Int+3}
 44448 | Depths:4 | 44448 ||| PLANNING VAULTS:5
 44697 | Vaults:5 | Entered Level 5 of the Vaults
 44698 | Vaults:5 | 44698 ||| INVOKING Heroism.
 44699 | Vaults:5 | 44699 ||| STAIRDANCE
 44717 | Vaults:5 | 44717 ||| STAIRDANCE
 44751 | Vaults:5 | 44751 ||| STAIRDANCE
 44757 | Vaults:4 | 44757 ||| INVOKING Heroism.
 44770 | Vaults:4 | Received a gift from Okawaru
 44786 | Vaults:5 | 44786 ||| STAIRDANCE
 44788 | Vaults:4 | 44788 ||| INVOKING Heroism.
 44808 | Vaults:5 | 44808 ||| STAIRDANCE
 44818 | Vaults:5 | 44818 ||| STAIRDANCE
 44830 | Vaults:5 | 44830 ||| STAIRDANCE
 44838 | Vaults:5 | 44838 ||| INVOKING Heroism.
 44846 | Vaults:5 | 44846 ||| INVOKING Finesse.
 44849 | Vaults:5 | Reached skill level 21 in Armour
 44869 | Vaults:5 | Noticed an ancient lich
 44878 | Vaults:5 | Noticed an ancient lich
 44881 | Vaults:5 | 44881 ||| INVOKING Heroism.
 44888 | Abyss:2  | Cast into level 2 of the Abyss (a deep elf demonologist)
 44896 | Abyss:2  | 44896 ||| Stepping ~*~*~tactically~*~*~ (stealth).
 44897 | Abyss:2  | 44897 ||| Stepping ~*~*~tactically~*~*~ (stealth).
 44898 | Abyss:2  | 44898 ||| Stepping ~*~*~tactically~*~*~ (stealth).
 44899 | Abyss:2  | 44899 ||| Stepping ~*~*~tactically~*~*~ (stealth).
 44919 | Abyss:2  | 44919 ||| Stepping ~*~*~tactically~*~*~ (stealth).
 44927 | Abyss:2  | 44927 ||| INVOKING Heroism.
 44940 | Abyss:2  | Lost mutation: Your movements are slightly less encumbered
                  | by armour. (ER -2) [a neqoxec]
 44953 | Abyss:2  | Received a gift from Okawaru
 44965 | Abyss:2  | 44965 ||| INVOKING Heroism.
 45026 | Abyss:2  | 45026 ||| Stepping ~*~*~tactically~*~*~ (stealth).
 45027 | Abyss:2  | 45027 ||| Stepping ~*~*~tactically~*~*~ (stealth).
 45037 | Abyss:2  | 45037 ||| Stepping ~*~*~tactically~*~*~ (stealth).
 45052 | Abyss:2  | 45052 ||| Stepping ~*~*~tactically~*~*~ (stealth).
 45054 | Abyss:2  | 45054 ||| Stepping ~*~*~tactically~*~*~ (stealth).
 45056 | Abyss:2  | 45056 ||| INVOKING Heroism.
 45110 | Abyss:2  | 45110 ||| Stepping ~*~*~tactically~*~*~ (stealth).
 45111 | Abyss:2  | 45111 ||| Stepping ~*~*~tactically~*~*~ (stealth).
 45112 | Abyss:2  | 45112 ||| Stepping ~*~*~tactically~*~*~ (stealth).
 45164 | Abyss:2  | 45164 ||| Stepping ~*~*~tactically~*~*~ (stealth).
 45175 | Abyss:2  | 45175 ||| Stepping ~*~*~tactically~*~*~ (stealth).
 45176 | Abyss:2  | 45176 ||| Stepping ~*~*~tactically~*~*~ (stealth).
 45178 | Abyss:2  | Gained mutation: Armour fits poorly on your strangely
                  | shaped body. [a neqoxec]
 45182 | Abyss:2  | 45182 ||| DRINKING 5 potions of mutation.
 45182 | Abyss:2  | Lost mutation: You are partially covered in iridescent
                  | scales. (AC +2) [potion of mutation]
 45182 | Abyss:2  | Lost mutation: Armour fits poorly on your strangely shaped
                  | body. [potion of mutation]
 45182 | Abyss:2  | Lost mutation: You have large cloven feet. [potion of
                  | mutation]
 45182 | Abyss:2  | Gained mutation: Potions are less effective at restoring
                  | your health. [potion of mutation]
 45182 | Abyss:2  | Gained mutation: You have supernaturally acute eyesight.
                  | (SInv) [potion of mutation]
 45182 | Abyss:2  | Gained mutation: You have a pair of small horns on your
                  | head. [potion of mutation]
 45183 | Abyss:2  | 45183 ||| DRINKING 4 potions of mutation.
 45183 | Abyss:2  | Lost mutation: Potions are less effective at restoring your
                  | health. [potion of mutation]
 45183 | Abyss:2  | Lost mutation: You have a pair of small horns on your head.
                  | [potion of mutation]
 45183 | Abyss:2  | Lost mutation: Your body sometimes deteriorates upon taking
                  | damage. [potion of mutation]
 45183 | Abyss:2  | Gained mutation: You have hidden genetic defects. [potion
                  | of mutation]
 45183 | Abyss:2  | Gained mutation: Armour fits poorly on your strangely
                  | shaped body. [potion of mutation]
 45184 | Abyss:2  | 45184 ||| DRINKING 3 potions of mutation.
 45184 | Abyss:2  | Lost mutation: You have supernaturally acute eyesight.
                  | (SInv) [potion of mutation]
 45184 | Abyss:2  | Lost mutation: Armour fits poorly on your strangely shaped
                  | body. [potion of mutation]
 45184 | Abyss:2  | Lost mutation: Your flesh is cold resistant. (rC+) [potion
                  | of mutation]
 45184 | Abyss:2  | Gained mutation: You have sharp fingernails. [potion of
                  | mutation]
 45184 | Abyss:2  | Gained mutation: Your spells are a little harder to cast,
                  | but a little more powerful. [potion of mutation]
 45184 | Abyss:2  | Gained mutation: You occasionally lose the ability to drink
                  | potions when taking damage. [potion of mutation]
 45185 | Abyss:2  | 45185 ||| DRINKING 2 potions of mutation.
 45185 | Abyss:2  | Lost mutation: Your spells are a little harder to cast, but
                  | a little more powerful. [potion of mutation]
 45185 | Abyss:2  | Lost mutation: You have sharp fingernails. [potion of
                  | mutation]
 45185 | Abyss:2  | Gained mutation: You are partially covered in iridescent
                  | scales. (AC +2) [potion of mutation]
 45185 | Abyss:2  | Gained mutation: You passively map a small area around you.
                  | [potion of mutation]
 45185 | Abyss:2  | Gained mutation: You are mostly covered in iridescent
                  | scales. (AC +4) [potion of mutation]
 45186 | Abyss:2  | 45186 ||| DRINKING potion of mutation.
 45186 | Abyss:2  | Lost mutation: You occasionally lose the ability to drink
                  | potions when taking damage. [potion of mutation]
 45186 | Abyss:2  | Lost mutation: You have hidden genetic defects. [potion of
                  | mutation]
 45186 | Abyss:2  | Lost mutation: You are mostly covered in iridescent scales.
                  | (AC +4) [potion of mutation]
 45186 | Abyss:2  | Gained mutation: You are agile. (Dex +4, Str/Int -1)
                  | [potion of mutation]
 45201 | Abyss:2  | 45201 ||| Stepping ~*~*~tactically~*~*~ (stealth).
 45256 | Abyss:2  | 45256 ||| Stepping ~*~*~tactically~*~*~ (stealth).
 45262 | Abyss:2  | 45262 ||| Stepping randomly (cloudy).
 45263 | Abyss:2  | 45263 ||| INVOKING Heroism.
 45280 | Abyss:2  | 45280 ||| Stepping ~*~*~tactically~*~*~ (stealth).
 45309 | Abyss:2  | 45309 ||| Stepping ~*~*~tactically~*~*~ (stealth).
 45329 | Abyss:2  | 45329 ||| Stepping ~*~*~tactically~*~*~ (hiding).
 45330 | Abyss:2  | 45330 ||| Stepping ~*~*~tactically~*~*~ (hiding).
 45333 | Abyss:2  | 45333 ||| INVOKING Heroism.
 45342 | Vaults:5 | Escaped the Abyss
 45343 | Vaults:5 | 45343 ||| INVOKING Finesse.
 45358 | Vaults:5 | Killed an ancient lich
 45358 | Vaults:5 | Received a gift from Okawaru
 45359 | Vaults:5 | Reached skill level 9 in Dodging
 45361 | Vaults:5 | Killed an ancient lich
 45409 | Vaults:5 | 45409 ||| INVOKING Heroism.
 45427 | Vaults:5 | Identified the +2 hand axe "Uliemefa" {flame, rF+ rCorr
                  | Str-4}
 45428 | Vaults:5 | 45428 ||| Stepping ~*~*~tactically~*~*~ (stealth).
 45440 | Vaults:5 | 45440 ||| Stepping ~*~*~tactically~*~*~ (stealth).
 45451 | Vaults:5 | 45451 ||| Stepping ~*~*~tactically~*~*~ (stealth).
 45453 | Vaults:5 | 45453 ||| Stepping ~*~*~tactically~*~*~ (hiding).
 45458 | Vaults:5 | 45458 ||| INVOKING Heroism.
 45522 | Vaults:5 | 45522 ||| Stepping ~*~*~tactically~*~*~ (hiding).
 45523 | Vaults:5 | 45523 ||| Stepping ~*~*~tactically~*~*~ (hiding).
 45527 | Vaults:5 | 45527 ||| INVOKING Heroism.
 45535 | Vaults:5 | Reached XP level 24. HP: 168/168 MP: 30/30
 45542 | Vaults:5 | 45542 ||| Stepping ~*~*~tactically~*~*~ (hiding).
 45543 | Vaults:5 | 45543 ||| Stepping ~*~*~tactically~*~*~ (hiding).
 45582 | Vaults:5 | Identified the +0 leather armour of the Harp {Harm +Blink
                  | Str+4 Int+2}
 45583 | Vaults:5 | 45583 ||| Stepping ~*~*~tactically~*~*~ (hiding).
 45584 | Vaults:5 | 45584 ||| Stepping ~*~*~tactically~*~*~ (hiding).
 45586 | Vaults:5 | 45586 ||| INVOKING Heroism.
 45593 | Vaults:5 | 45593 ||| Stepping ~*~*~tactically~*~*~ (hiding).
 45739 | Vaults:5 | 45739 ||| INVOKING Heroism.
 45842 | Vaults:5 | Reached skill level 22 in Fighting
 45852 | Vaults:5 | Identified the +1 chain mail of Henotheism {Harm rN+ rCorr}
 45857 | Vaults:5 | 45857 ||| Stepping ~*~*~tactically~*~*~ (stealth).
 45859 | Vaults:5 | 45859 ||| Stepping ~*~*~tactically~*~*~ (hiding).
 45860 | Vaults:5 | 45860 ||| Stepping ~*~*~tactically~*~*~ (hiding).
 45861 | Vaults:5 | 45861 ||| INVOKING Heroism.
 45862 | Vaults:5 | 45862 ||| INVOKING Finesse.
 45879 | Vaults:5 | 45879 ||| Stepping ~*~*~tactically~*~*~ (hiding).
 45987 | Vaults:5 | 45987 ||| INVOKING Heroism.
 46024 | Vaults:5 | 46024 ||| Stepping ~*~*~tactically~*~*~ (hiding).
 46030 | Vaults:5 | 46030 ||| INVOKING Heroism.
 46039 | Vaults:5 | 46039 ||| Stepping ~*~*~tactically~*~*~ (hiding).
 46040 | Vaults:5 | Noticed a dread lich
 46041 | Vaults:5 | 46041 ||| INVOKING Finesse.
 46051 | Vaults:5 | Killed a dread lich
 46085 | Vaults:5 | 46085 ||| INVOKING Heroism.
 46096 | Vaults:5 | Identified the +1 robe of the Endless Expanse {Harm rPois
                  | Stlth+}
 46141 | Vaults:5 | 46141 ||| INVOKING Heroism.
 46151 | Vaults:5 | Found the +0 pair of fencer's gloves {Riposte Dex+3}
 46340 | Vaults:5 | 46340 ||| Stepping ~*~*~tactically~*~*~ (hiding).
 46343 | Vaults:5 | 46343 ||| INVOKING Heroism.
 46624 | Vaults:5 | 46624 ||| Stepping ~*~*~tactically~*~*~ (hiding).
 46629 | Vaults:5 | 46629 ||| INVOKING Heroism.
 46727 | Vaults:5 | 46727 ||| Stepping ~*~*~tactically~*~*~ (stealth).
 46747 | Vaults:5 | Got a silver rune of Zot
 46795 | Vaults:5 | 46795 ||| PLANNING SHOPPING SPREE
 46795 | Vaults:5 | 46795 ||| DROPPING +0 cloak of poison resistance.
 46796 | Vaults:5 | 46796 ||| UPGRADING to +2 helmet of intelligence.
 46801 | Vaults:5 | 46801 ||| UPGRADING to -1 helmet "For Hor" {Regen+ Int+6
                  | Stlth+}.
 46811 | Vaults:5 | 46811 ||| DROPPING +2 helmet of intelligence.
 46812 | Vaults:5 | 46812 ||| DROPPING +2 tower shield of reflection.
 46813 | Vaults:5 | 46813 ||| CLEARING SHOPPING LIST
 46813 | Vaults:5 | 46813 ||| PLANNING ZOT:1-4
 46813 | Vaults:5 | 46813 ||| READING 21 scrolls of teleportation.
 46816 | Vaults:5 | 46816 ||| UPGRADING to amulet "Uniom" {Acrobat rF+ rCorr
                  | Str+4}.
 46826 | Vaults:5 | 46826 ||| UPGRADING to +0 pair of gloves of strength.
 46836 | Vaults:5 | 46836 ||| READING 5 scrolls of enchant armour.
 46836 | Vaults:5 | 46836 ||| ENCHANTING +0 pair of gloves of strength.
 46837 | Vaults:5 | 46837 ||| READING 4 scrolls of enchant armour.
 46837 | Vaults:5 | 46837 ||| ENCHANTING +1 pair of gloves of strength.
 46838 | Vaults:5 | 46838 ||| DROPPING amulet of Iphahax {RegenMP Regen+ Int+5
                  | SInv}.
 47148 | Zot:1    | Entered Level 1 of the Realm of Zot
 47149 | Zot:1    | 47149 ||| INVOKING Heroism.
 47177 | Zot:1    | 47177 ||| Stepping ~*~*~tactically~*~*~ (hiding).
 47187 | Zot:1    | 47187 ||| Stepping ~*~*~tactically~*~*~ (hiding).
 47208 | Zot:1    | 47208 ||| INVOKING Heroism.
 47219 | Zot:1    | Received a gift from Okawaru
 47220 | Zot:1    | 47220 ||| Stepping ~*~*~tactically~*~*~ (hiding).
 47332 | Zot:1    | Received a gift from Okawaru
 47348 | Zot:1    | 47348 ||| Stepping ~*~*~tactically~*~*~ (hiding).
 47350 | Zot:1    | 47350 ||| Stepping ~*~*~tactically~*~*~ (hiding).
 47355 | Zot:1    | 47355 ||| INVOKING Heroism.
 47399 | Zot:1    | 47399 ||| Stepping ~*~*~tactically~*~*~ (hiding).
 47445 | Zot:1    | 47445 ||| Stepping ~*~*~tactically~*~*~ (hiding).
 47451 | Zot:1    | 47451 ||| INVOKING Heroism.
 47455 | Zot:1    | 47455 ||| Stepping ~*~*~tactically~*~*~ (hiding).
 47456 | Zot:1    | 47456 ||| Stepping ~*~*~tactically~*~*~ (hiding).
 47481 | Zot:1    | 47481 ||| INVOKING Heroism.
 47519 | Zot:1    | Reached skill level 23 in Fighting
 47643 | Zot:1    | 47643 ||| Stepping ~*~*~tactically~*~*~ (hiding).
 47644 | Zot:1    | 47644 ||| Stepping ~*~*~tactically~*~*~ (hiding).
 47648 | Zot:1    | 47648 ||| INVOKING Heroism.
 47995 | Zot:1    | 47995 ||| DROPPING amulet of regeneration.
 48040 | Zot:2    | 48040 ||| INVOKING Heroism.
 48060 | Zot:2    | Received a gift from Okawaru
 48088 | Zot:2    | 48088 ||| INVOKING Heroism.
 48091 | Zot:2    | Received a gift from Okawaru
 48209 | Zot:2    | You are sucked into a shaft and drop 2 floors!
 48236 | Zot:4    | 48236 ||| INVOKING Heroism.
 48259 | Zot:4    | Reached XP level 25. HP: 176/176 MP: 0/30
 48259 | Zot:4    | Received a gift from Okawaru
 48260 | Zot:4    | 48260 ||| Stepping randomly (disturbance).
 48422 | Zot:4    | Noticed an orb of fire
 48423 | Zot:4    | 48423 ||| READING 21 scrolls of teleportation.
 48427 | Zot:4    | 48427 ||| INVOKING Heroism.
 48428 | Zot:4    | Gained mutation: Your magical capacity is low. (-10% MP)
                  | [an orb of fire]
 48504 | Zot:4    | 48504 ||| Stepping ~*~*~tactically~*~*~ (hiding).
 48508 | Zot:4    | 48508 ||| INVOKING Heroism.
 48517 | Zot:4    | Noticed Parghit
 48518 | Zot:4    | 48518 ||| INVOKING Finesse.
 48549 | Zot:4    | Killed Parghit
 48581 | Zot:4    | 48581 ||| INVOKING Heroism.
 48632 | Zot:4    | Received a gift from Okawaru
 48673 | Zot:4    | 48673 ||| UPGRADING to +9 gold dragon scales.
 48683 | Zot:4    | 48683 ||| DROPPING +0 gold dragon scales.
 48684 | Zot:4    | 48684 ||| DROPPING +7 plate armour of the Stone Wall
                  | {Str+4}.
 48685 | Zot:4    | 48685 ||| READING 3 scrolls of enchant armour.
 48685 | Zot:4    | 48685 ||| ENCHANTING +9 gold dragon scales.
 48686 | Zot:4    | 48686 ||| READING 2 scrolls of enchant armour.
 48686 | Zot:4    | 48686 ||| ENCHANTING +10 gold dragon scales.
 48687 | Zot:4    | 48687 ||| READING scroll of enchant armour.
 48687 | Zot:4    | 48687 ||| ENCHANTING +11 gold dragon scales.
 48688 | Zot:4    | 48688 ||| UPGRADING to amulet of Vitality {RegenMP++
                  | Regen++}.
 48726 | Zot:3    | 48726 ||| INVOKING Heroism.
 48995 | Zot:3    | 48995 ||| INVOKING Heroism.
 49056 | Zot:2    | 49056 ||| Stepping ~*~*~tactically~*~*~ (hiding).
 49061 | Zot:2    | 49061 ||| INVOKING Heroism.
 49113 | Zot:2    | 49113 ||| INVOKING Heroism.
 49168 | Zot:2    | 49168 ||| INVOKING Heroism.
 49196 | Zot:2    | 49196 ||| Stepping ~*~*~tactically~*~*~ (stealth).
 49221 | Zot:2    | 49221 ||| Stepping ~*~*~tactically~*~*~ (stealth).
 49267 | Zot:2    | 49267 ||| Stepping ~*~*~tactically~*~*~ (hiding).
 49283 | Zot:2    | Reached skill level 24 in Fighting
 49326 | Zot:2    | 49326 ||| READING scroll of enchant weapon.
 49326 | Zot:2    | 49326 ||| ENCHANTING +5 vampiric broad axe.
 49451 | Zot:2    | 49451 ||| Stepping ~*~*~tactically~*~*~ (hiding).
 49452 | Zot:2    | 49452 ||| Stepping ~*~*~tactically~*~*~ (hiding).
 49462 | Zot:2    | 49462 ||| INVOKING Heroism.
 49472 | Zot:2    | Received a gift from Okawaru
 49717 | Zot:2    | 49717 ||| INVOKING Heroism.
 49727 | Zot:2    | Identified the +4 scale mail "Feyjutt" {rF- rCorr Str+8}
                  | (Okawaru gifted it to you on level 2 of the Realm of Zot)
 49727 | Zot:2    | Received a gift from Okawaru
 49754 | Zot:2    | 49754 ||| Stepping ~*~*~tactically~*~*~ (hiding).
 49803 | Zot:2    | 49803 ||| INVOKING Heroism.
 50037 | Zot:2    | Identified the +8 morningstar of Makhleb's Supremacy {elec,
                  | Int+4}
 50055 | Zot:2    | Noticed an ancient lich
 50056 | Zot:2    | 50056 ||| INVOKING Heroism.
 50057 | Zot:2    | 50057 ||| INVOKING Finesse.
 50083 | Zot:2    | Killed an ancient lich
 50105 | Zot:2    | Identified the +0 robe of Utrad {rCorr}
 50247 | Zot:3    | 50247 ||| Stepping randomly (disturbance).
 50248 | Zot:3    | 50248 ||| Stepping randomly (disturbance).
 50310 | Zot:3    | Identified the +1 cloak of Tedibuqo {rF- Regen+ Slay+3}
 50312 | Zot:3    | Noticed Dawneret's ghost (master GnFi)
 50323 | Zot:3    | Identified the +0 cloak of Twilight {Will- Str+2 Int+5
                  | Slay+3}
 50365 | Zot:3    | Found a transporter.
 50370 | Zot:3    | Found a transporter.
 50371 | Zot:3    | Found a bloodstained altar of Trog.
 50382 | Zot:3    | 50382 ||| Stepping ~*~*~tactically~*~*~ (hiding).
 50417 | Zot:3    | 50417 ||| Stepping ~*~*~tactically~*~*~ (hiding).
 50420 | Zot:3    | 50420 ||| INVOKING Heroism.
 50463 | Zot:3    | 50463 ||| INVOKING Heroism.
 50534 | Zot:3    | 50534 ||| Stepping ~*~*~tactically~*~*~ (hiding).
 50584 | Zot:3    | 50584 ||| Stepping ~*~*~tactically~*~*~ (stealth).
 50643 | Zot:3    | 50643 ||| Stepping ~*~*~tactically~*~*~ (hiding).
 51115 | Zot:4    | 51115 ||| Stepping ~*~*~tactically~*~*~ (hiding).
 51120 | Zot:4    | 51120 ||| INVOKING Heroism.
 51197 | Zot:4    | 51197 ||| INVOKING Heroism.
 51225 | Zot:4    | Reached skill level 25 in Fighting
 51470 | Zot:4    | Gained mutation: You are weak. (Str -2) [an orb of fire]
 51471 | Zot:4    | 51471 ||| DRINKING 2 potions of resistance.
 51472 | Zot:4    | 51472 ||| INVOKING Heroism.
 51473 | Zot:4    | 51473 ||| INVOKING Finesse.
 51493 | Zot:4    | Killed an orb of fire
 51521 | Zot:4    | 51521 ||| READING scroll of enchant weapon.
 51521 | Zot:4    | 51521 ||| ENCHANTING +6 vampiric broad axe.
 51541 | Zot:4    | Found the +4 dragonskin cloak
 51541 | Zot:4    | Noticed Tiamat
 51542 | Zot:4    | 51542 ||| INVOKING Heroism.
 51543 | Zot:4    | 51543 ||| INVOKING Finesse.
 51584 | Zot:4    | 51584 ||| INVOKING Heroism.
 51641 | Zot:4    | 51641 ||| INVOKING Heroism.
 51642 | Zot:4    | 51642 ||| INVOKING Finesse.
 51672 | Zot:4    | Killed Tiamat
 51834 | Zot:4    | 51834 ||| Stepping ~*~*~tactically~*~*~ (stealth).
 51838 | Zot:4    | 51838 ||| INVOKING Heroism.
 51852 | Zot:4    | Reached skill level 15 in Throwing
 51875 | Zot:4    | Reached XP level 26. HP: 163/188 MP: 27/27
 51917 | Zot:4    | 51917 ||| PLANNING THE SHINING ONE WORSHIP
 51917 | Zot:4    | 51917 ||| UPGRADING to +4 dragonskin cloak.
 51927 | Zot:4    | 51927 ||| DROPPING +2 cloak.
 51928 | Zot:4    | 51928 ||| UPGRADING to +4 ring of evasion.
 52371 | Temple   | Fell from the grace of Okawaru
 52371 | Temple   | Became a worshipper of the Shining One
 52371 | Temple   | Was placed under penance by the Shining One
 52372 | Temple   | 52372 ||| PLANNING CRYPT
 52372 | Temple   | 52372 ||| SWAPPING to +5 broad axe "Hios" {vorpal, Drain
                  | rPois rF+++}.
 52386 | D:6      | Fell from the grace of the Shining One
 52687 | Crypt:1  | Entered Level 1 of the Crypt
 52688 | Crypt:1  | 52688 ||| PLANNING OKAWARU WORSHIP
 52688 | Crypt:1  | 52688 ||| SWAPPING to +7 vampiric broad axe.
 52719 | Crypt:1  | 52719 ||| DROPPING 5 potions of magic.
 53047 | Temple   | Became a worshipper of Warmaster Okawaru
 53048 | Temple   | 53048 ||| PLANNING CRYPT
 53441 | Crypt:1  | 53441 ||| Stepping ~*~*~tactically~*~*~ (stealth).
 53460 | Crypt:1  | 53460 ||| Stepping ~*~*~tactically~*~*~ (stealth).
 53494 | Crypt:1  | Identified the +2 pair of boots "Zeaqosoe" {*Slow rN+++
                  | Int+5 Dex-4}
 53633 | Crypt:1  | Noticed Khufu
 53635 | Crypt:1  | Noticed a royal mummy
 53656 | Crypt:1  | HP: 37/176 [emperor scorpion[Khufu] (15)]
 53657 | Crypt:1  | 53657 ||| READING 24 scrolls of teleportation.
 53658 | Crypt:1  | 53658 ||| DRINKING 15 potions of heal wounds.
 53659 | Crypt:1  | 53659 ||| DRINKING 14 potions of heal wounds.
 53659 | Crypt:1  | Noticed Vv
 53660 | Crypt:1  | 53660 ||| DRINKING potion of resistance.
 53668 | Crypt:1  | HP: 26/177 [Vv/creeping frost (40)]
 53669 | Crypt:1  | 53669 ||| READING 23 scrolls of teleportation.
 53670 | Crypt:1  | 53670 ||| DRINKING 13 potions of heal wounds.
 53688 | Crypt:1  | 53688 ||| INVOKING Heroism.
 53755 | Crypt:1  | 53755 ||| Stepping ~*~*~tactically~*~*~ (stealth).
 53778 | Crypt:1  | 53778 ||| INVOKING Heroism.
 53779 | Crypt:1  | 53779 ||| Stepping ~*~*~tactically~*~*~ (hiding).
 53799 | Crypt:1  | 53799 ||| INVOKING Heroism.
 53833 | Crypt:1  | Killed a royal mummy
 53836 | Crypt:1  | HP: 42/189 [Khufu/divine providence (14)]
 53837 | Crypt:1  | 53837 ||| READING 22 scrolls of teleportation.
 53838 | Crypt:1  | 53838 ||| DRINKING 12 potions of heal wounds.
 53900 | Crypt:1  | 53900 ||| Stepping ~*~*~tactically~*~*~ (stealth).
 53908 | Crypt:1  | 53908 ||| INVOKING Heroism.
 53915 | Crypt:1  | Killed Khufu
 54004 | Crypt:1  | 54004 ||| INVOKING Heroism.
 54032 | Crypt:1  | 54032 ||| INVOKING Heroism.
 54040 | Crypt:1  | Killed Vv
 54135 | Crypt:1  | 54135 ||| Stepping ~*~*~tactically~*~*~ (hiding).
 54136 | Crypt:1  | 54136 ||| Stepping ~*~*~tactically~*~*~ (stealth).
 54137 | Crypt:1  | 54137 ||| Stepping ~*~*~tactically~*~*~ (hiding).
 54138 | Crypt:1  | 54138 ||| INVOKING Heroism.
 54145 | Crypt:1  | Reached skill level 26 in Fighting
 54322 | Crypt:1  | 54322 ||| DROPPING +2 pair of boots "Zeaqosoe" {*Slow rN+++
                  | Int+5 Dex-4}.
 54362 | Crypt:2  | 54362 ||| Stepping ~*~*~tactically~*~*~ (hiding).
 54363 | Crypt:2  | 54363 ||| Stepping ~*~*~tactically~*~*~ (hiding).
 54580 | Crypt:2  | 54580 ||| INVOKING Heroism.
 54600 | Crypt:2  | 54600 ||| Stepping ~*~*~tactically~*~*~ (cloud).
 54734 | Crypt:2  | 54734 ||| INVOKING Heroism.
 54758 | Crypt:2  | 54758 ||| Stepping ~*~*~tactically~*~*~ (stealth).
 54759 | Crypt:2  | 54759 ||| Stepping ~*~*~tactically~*~*~ (stealth).
 54817 | Crypt:2  | 54817 ||| Stepping ~*~*~tactically~*~*~ (stealth).
 54822 | Crypt:2  | Noticed a royal mummy
 54823 | Crypt:2  | 54823 ||| Stepping ~*~*~tactically~*~*~ (stealth).
 54851 | Crypt:2  | Noticed a royal mummy
 54852 | Crypt:2  | 54852 ||| Stepping ~*~*~tactically~*~*~ (hiding).
 54854 | Crypt:2  | 54854 ||| INVOKING Heroism.
 54878 | Crypt:2  | Killed a royal mummy
 54880 | Crypt:2  | 54880 ||| Stepping ~*~*~tactically~*~*~ (hiding).
 54896 | Crypt:2  | 54896 ||| INVOKING Heroism.
 54898 | Crypt:2  | Killed a royal mummy
 55039 | Crypt:2  | 55039 ||| Stepping ~*~*~tactically~*~*~ (hiding).
 55043 | Crypt:2  | 55043 ||| INVOKING Heroism.
 55228 | Crypt:2  | 55228 ||| INVOKING Heroism.
 55261 | Crypt:2  | 55261 ||| READING 21 scrolls of teleportation.
 55358 | Crypt:3  | Entered Level 3 of the Crypt
 55480 | Crypt:3  | 55480 ||| Stepping ~*~*~tactically~*~*~ (stealth).
 55481 | Crypt:3  | 55481 ||| Stepping ~*~*~tactically~*~*~ (stealth).
 55483 | Crypt:3  | 55483 ||| Stepping ~*~*~tactically~*~*~ (hiding).
 55484 | Crypt:3  | 55484 ||| Stepping ~*~*~tactically~*~*~ (hiding).
 55485 | Crypt:3  | 55485 ||| Stepping ~*~*~tactically~*~*~ (hiding).
 55486 | Crypt:3  | 55486 ||| Stepping ~*~*~tactically~*~*~ (hiding).
 55546 | Crypt:3  | 55546 ||| INVOKING Heroism.
 55590 | Crypt:3  | 55590 ||| Stepping ~*~*~tactically~*~*~ (stealth).
 55655 | Crypt:3  | 55655 ||| INVOKING Heroism.
 55679 | Crypt:3  | 55679 ||| Stepping ~*~*~tactically~*~*~ (stealth).
 55680 | Crypt:3  | 55680 ||| Stepping ~*~*~tactically~*~*~ (stealth).
 55681 | Crypt:3  | 55681 ||| Stepping ~*~*~tactically~*~*~ (stealth).
 55683 | Crypt:3  | 55683 ||| Stepping ~*~*~tactically~*~*~ (stealth).
 55790 | Crypt:3  | 55790 ||| Stepping ~*~*~tactically~*~*~ (stealth).
 55803 | Crypt:3  | 55803 ||| Stepping ~*~*~tactically~*~*~ (stealth).
 55804 | Crypt:3  | 55804 ||| Stepping ~*~*~tactically~*~*~ (stealth).
 55867 | Crypt:3  | 55867 ||| INVOKING Heroism.
 55904 | Crypt:3  | Found a staircase to the Tomb.
 55904 | Crypt:3  | Noticed a royal mummy
 55920 | Crypt:3  | Killed a royal mummy
 55937 | Crypt:3  | 55937 ||| Stepping ~*~*~tactically~*~*~ (hiding).
 55939 | Crypt:3  | 55939 ||| Stepping ~*~*~tactically~*~*~ (hiding).
 56084 | Crypt:3  | 56084 ||| INVOKING Heroism.
 56235 | Crypt:3  | 56235 ||| INVOKING Heroism.
 56239 | Crypt:3  | 56239 ||| Stepping ~*~*~tactically~*~*~ (stealth).
 56240 | Crypt:3  | 56240 ||| Stepping ~*~*~tactically~*~*~ (stealth).
 56298 | Crypt:3  | 56298 ||| Stepping ~*~*~tactically~*~*~ (stealth).
 56299 | Crypt:3  | 56299 ||| Stepping ~*~*~tactically~*~*~ (stealth).
 56309 | Crypt:3  | Reached skill level 27 in Fighting
 56328 | Crypt:3  | Found a basalt altar of Yredelemnul.
 56378 | Crypt:3  | Received a gift from Okawaru
 56397 | Crypt:3  | 56397 ||| Stepping ~*~*~tactically~*~*~ (stealth).
 56399 | Crypt:3  | 56399 ||| Stepping ~*~*~tactically~*~*~ (stealth).
 56404 | Crypt:3  | 56404 ||| INVOKING Heroism.
 56545 | Crypt:3  | 56545 ||| INVOKING Heroism.
 56568 | Crypt:3  | 56568 ||| Stepping ~*~*~tactically~*~*~ (stealth).
 56571 | Crypt:3  | 56571 ||| Stepping ~*~*~tactically~*~*~ (stealth).
 57154 | Crypt:2  | 57154 ||| Stepping ~*~*~tactically~*~*~ (stealth).
 57156 | Crypt:2  | 57156 ||| Stepping ~*~*~tactically~*~*~ (hiding).
 57192 | Crypt:2  | Received a gift from Okawaru
 57336 | Crypt:2  | 57336 ||| INVOKING Heroism.
 57517 | Crypt:2  | 57517 ||| PLANNING TOMB
 57602 | Tomb:1   | Entered Level 1 of the Tomb of the Ancients
 57627 | Tomb:1   | 57627 ||| INVOKING Heroism.
 57786 | Tomb:1   | 57786 ||| INVOKING Heroism.
 57790 | Tomb:1   | Received a gift from Okawaru
 57791 | Tomb:1   | Reached XP level 27. HP: 199/199 MP: 28/28
 57798 | Tomb:1   | Paralysed by a sphinx for 4 turns
 57991 | Tomb:1   | 57991 ||| INVOKING Heroism.
 58046 | Tomb:1   | 58046 ||| INVOKING Heroism.
 58064 | Tomb:1   | Received a gift from Okawaru
 58064 | Tomb:1   | HP: 40/199 [bennu (11)]
 58065 | Tomb:1   | Reached skill level 12 in Dodging
 58065 | Tomb:1   | 58065 ||| READING 20 scrolls of teleportation.
 58066 | Tomb:1   | 58066 ||| DRINKING 12 potions of heal wounds.
 58066 | Tomb:1   | Noticed a royal mummy
 58066 | Tomb:1   | Noticed a royal mummy
 58066 | Tomb:1   | Noticed a royal mummy
 58071 | Tomb:1   | Noticed a royal mummy
 58071 | Tomb:1   | HP: 46/199 [royal mummy/divine providence (12)]
 58072 | Tomb:1   | 58072 ||| READING 19 scrolls of teleportation.
 58072 | Tomb:1   | Noticed a royal mummy
 58073 | Tomb:1   | 58073 ||| DRINKING 11 potions of heal wounds.
 58150 | Tomb:1   | 58150 ||| INVOKING Heroism.
 58205 | Tomb:1   | 58205 ||| INVOKING Heroism.
 58228 | Tomb:1   | 58228 ||| INVOKING Heroism.
 58317 | Tomb:1   | 58317 ||| INVOKING Heroism.
 58360 | Tomb:1   | 58360 ||| DROPPING ring of see invisible.
 58361 | Tomb:1   | 58361 ||| Stepping randomly (cloudy).
 58498 | Tomb:1   | Identified the +12 arbalest "Yruvasya" {freeze, Dex+4}
 58523 | Tomb:2   | 58523 ||| DRINKING 12 potions of haste.
 58524 | Tomb:2   | 58524 ||| DRINKING 10 potions of attraction.
 58525 | Tomb:2   | 58525 ||| INVOKING Heroism.
 58527 | Tomb:2   | Noticed a royal mummy
 58527 | Tomb:2   | Noticed a royal mummy
 58531 | Tomb:2   | Noticed a royal mummy
 58533 | Tomb:2   | Noticed a royal mummy
 58539 | Tomb:2   | HP: 44/197 [??? (11)]
 58540 | Tomb:2   | 58540 ||| READING 18 scrolls of teleportation.
 58541 | Tomb:2   | 58541 ||| DRINKING 10 potions of heal wounds.
 58542 | Tomb:2   | 58542 ||| DRINKING 9 potions of heal wounds.
 58552 | Tomb:2   | Noticed Boris
 58558 | Tomb:2   | Received a gift from Okawaru
 58566 | Tomb:2   | Killed Boris
 58641 | Tomb:2   | 58641 ||| Stepping ~*~*~tactically~*~*~ (stealth).
 58643 | Tomb:2   | 58643 ||| Stepping ~*~*~tactically~*~*~ (hiding).
 58645 | Tomb:2   | 58645 ||| Stepping ~*~*~tactically~*~*~ (hiding).
 58651 | Tomb:2   | 58651 ||| INVOKING Heroism.
 58715 | Tomb:2   | 58715 ||| Stepping ~*~*~tactically~*~*~ (hiding).
 58718 | Tomb:2   | 58718 ||| INVOKING Heroism.
 58741 | Tomb:3   | Entered Level 3 of the Tomb of the Ancients
 58742 | Tomb:3   | 58742 ||| DRINKING 11 potions of haste.
 58743 | Tomb:3   | 58743 ||| DRINKING 9 potions of attraction.
 58751 | Tomb:3   | Paralysed by a Zot trap for 3 turns
 58768 | Tomb:3   | Noticed a royal mummy
 58771 | Tomb:3   | Noticed a royal mummy
 58775 | Tomb:3   | Received a gift from Okawaru
 58776 | Tomb:3   | 58776 ||| INVOKING Finesse.
 58780 | Tomb:3   | Noticed a royal mummy
 58782 | Tomb:3   | HP: 49/199 [royal mummy/divine providence (14)]
 58783 | Tomb:3   | 58783 ||| READING 18 scrolls of teleportation.
 58783 | Tomb:3   | Gained mutation: Your magical capacity is very low. (-20%
                  | MP) [mutagenic glow]
 58784 | Tomb:3   | 58784 ||| DRINKING 8 potions of heal wounds.
 58785 | Tomb:3   | 58785 ||| DRINKING 7 potions of heal wounds.
 58786 | Tomb:3   | 58786 ||| DRINKING 6 potions of heal wounds.
 58787 | Tomb:3   | 58787 ||| INVOKING Heroism.
 58793 | Tomb:3   | Gained mutation: Your spells are a little easier to cast,
                  | but a little less powerful. [mutagenic glow]
 58803 | Tomb:3   | HP: 45/199 [royal mummy (10)]
 58804 | Tomb:3   | 58804 ||| READING 17 scrolls of teleportation.
 58805 | Tomb:3   | 58805 ||| DRINKING 5 potions of heal wounds.
 58824 | Tomb:3   | 58824 ||| INVOKING Heroism.
 58826 | Tomb:3   | Noticed a royal mummy
 58832 | Tomb:3   | Noticed a royal mummy
 58834 | Tomb:3   | HP: 41/199 [royal mummy (15)]
 58835 | Tomb:3   | 58835 ||| READING 16 scrolls of teleportation.
 58836 | Tomb:3   | 58836 ||| DRINKING 4 potions of heal wounds.
 58843 | Tomb:3   | HP: 45/199 [??? (12)]
 58844 | Tomb:3   | 58844 ||| READING 15 scrolls of teleportation.
 58845 | Tomb:3   | 58845 ||| DRINKING 3 potions of heal wounds.
 58846 | Tomb:3   | Killed a royal mummy
 58852 | Tomb:3   | 58852 ||| INVOKING Heroism.
 58867 | Tomb:3   | Noticed a royal mummy
 58870 | Tomb:3   | HP: 46/199 [??? (10)]
 58871 | Tomb:3   | 58871 ||| READING 14 scrolls of teleportation.
 58872 | Tomb:3   | 58872 ||| DRINKING 2 potions of heal wounds.
 58873 | Tomb:3   | 58873 ||| DRINKING potion of heal wounds.
 58875 | Tomb:3   | 58875 ||| INVOKING Heroism.
 58891 | Tomb:3   | 58891 ||| Stepping ~*~*~tactically~*~*~ (stealth).
 58917 | Tomb:3   | Killed a royal mummy
 58930 | Tomb:3   | Noticed a royal mummy
 58931 | Tomb:3   | 58931 ||| INVOKING Finesse.
 58936 | Tomb:3   | Received a gift from Okawaru
 58945 | Tomb:3   | 58945 ||| INVOKING Heroism.
 58960 | Tomb:3   | Killed a royal mummy
 58968 | Tomb:3   | 58968 ||| Stepping ~*~*~tactically~*~*~ (stealth).
 58976 | Tomb:3   | HP: 48/199 [mummy priest/divine providence (15)]
 58977 | Tomb:3   | 58977 ||| READING 13 scrolls of teleportation.
 58981 | Tomb:3   | HP: 45/199 [??? (10)]
 58983 | Tomb:3   | Killed a royal mummy
 58989 | Tomb:3   | HP: 44/199 [royal mummy/divine providence (13)]
 58990 | Tomb:3   | 58990 ||| READING 12 scrolls of teleportation.
 58993 | Tomb:3   | 58993 ||| INVOKING Heroism.
 58994 | Tomb:3   | 58994 ||| READING 11 scrolls of teleportation.
 59001 | Tomb:3   | HP: 44/199 [torment (10)]
 59002 | Tomb:3   | 59002 ||| READING 10 scrolls of teleportation.
 59006 | Tomb:3   | Noticed a royal mummy
 59009 | Tomb:3   | HP: 41/197 [something (9)]
 59012 | Tomb:3   | 59012 ||| READING 9 scrolls of teleportation.
 59030 | Tomb:3   | HP: 45/199 [royal mummy/divine providence (14)]
 59031 | Tomb:3   | 59031 ||| READING 8 scrolls of teleportation.
 59035 | Tomb:3   | HP: 38/199 [death scarab[a royal mummy] (9)]
 59040 | Tomb:3   | 59040 ||| READING 7 scrolls of teleportation.
 59041 | Tomb:3   | HP: 30/199 [royal mummy/divine providence (16)]
 59050 | Tomb:3   | 59050 ||| READING 6 scrolls of teleportation.
 59051 | Tomb:3   | HP: 35/199 [??? (9)]
 59053 | Tomb:3   | 59053 ||| READING 5 scrolls of teleportation.
 59062 | Tomb:3   | 59062 ||| READING 4 scrolls of teleportation.
 59062 | Tomb:3   | HP: 41/199 [??? (11)]
 59068 | Tomb:3   | 59068 ||| INVOKING Finesse.
 59068 | Tomb:3   | HP: 43/199 [??? (10)]
 59069 | Tomb:3   | 59069 ||| READING 3 scrolls of teleportation.
 59089 | Tomb:3   | 59089 ||| INVOKING Heroism.
 59103 | Tomb:3   | Received a gift from Okawaru
 59108 | Tomb:3   | Killed a royal mummy
 59112 | Tomb:3   | HP: 49/199 [something (11)]
 59113 | Tomb:3   | 59113 ||| READING 2 scrolls of teleportation.
 59124 | Tomb:3   | 59124 ||| INVOKING Heroism.
 59163 | Tomb:3   | 59163 ||| INVOKING Heroism.
 59171 | Tomb:3   | HP: 45/199 [something (11)]
 59172 | Tomb:3   | 59172 ||| READING scroll of teleportation.
 59402 | Tomb:3   | 59402 ||| READING scroll of enchant weapon.
 59402 | Tomb:3   | 59402 ||| ENCHANTING +7 vampiric broad axe.
 59441 | Tomb:3   | Found the ring of the Octopus King
 59448 | Tomb:3   | Identified the ring "Puikoz" {Wiz rPois rF- SInv}
 59457 | Tomb:3   | Identified a ring of the Octopus King {rN+ HP+2 AC+2 EV+2
                  | SH+2}
 59485 | Tomb:3   | 59485 ||| INVOKING Heroism.
 59498 | Tomb:3   | Killed a royal mummy
 59557 | Tomb:3   | 59557 ||| INVOKING Heroism.
 59579 | Tomb:3   | Killed a royal mummy
 59586 | Tomb:3   | 59586 ||| INVOKING Heroism.
 59601 | Tomb:3   | Killed a royal mummy
 59755 | Tomb:3   | Got a golden rune of Zot
 59782 | Tomb:3   | 59782 ||| PLANNING PAN
 59782 | Tomb:3   | 59782 ||| DROPPING amulet of guardian spirit.
 59783 | Tomb:3   | 59783 ||| DROPPING ring "Puikoz" {Wiz rPois rF- SInv}.
 59784 | Tomb:3   | 59784 ||| DROPPING +4 ring of protection.
 59785 | Tomb:3   | 59785 ||| UPGRADING to ring of the Octopus King {rN+ HP+2
                  | AC+2 EV+2 SH+2}.
 59788 | Tomb:3   | 59788 ||| UPGRADING to ring "Lyadd" {AC+4 Str+3 Int+3}.
 59790 | Tomb:3   | 59790 ||| DROPPING +4 ring of evasion.
 60277 | Pan      | Entered Pandemonium
 60279 | Pan      | 60279 ||| Stepping ~*~*~tactically~*~*~ (stealth).
 60295 | Pan      | 60295 ||| DRINKING 2 potions of resistance.
 60296 | Pan      | 60296 ||| INVOKING Heroism.
 60516 | Pan      | 60516 ||| READING scroll of acquirement.
 60516 | Pan      | 60516 ||| ACQUIRING 782 gold pieces
 60516 | Pan      | Acquired 782 gold pieces
 60567 | Pan      | 60567 ||| Stepping ~*~*~tactically~*~*~ (stealth).
 60568 | Pan      | 60568 ||| Stepping ~*~*~tactically~*~*~ (stealth).
 60584 | Pan      | Noticed Mire the pandemonium lord
 60584 | Pan      | 60584 ||| Stepping ~*~*~tactically~*~*~ (stealth).
 60586 | Pan      | 60586 ||| Stepping ~*~*~tactically~*~*~ (hiding).
 60593 | Pan      | 60593 ||| DRINKING potion of resistance.
 60594 | Pan      | 60594 ||| INVOKING Heroism.
 60595 | Pan      | 60595 ||| INVOKING Finesse.
 60604 | Pan      | 60604 ||| Stepping randomly (disturbance).
 60625 | Pan      | Received a gift from Okawaru
 60635 | Pan      | Killed Mire the pandemonium lord
 60687 | Pan      | 60687 ||| Stepping ~*~*~tactically~*~*~ (stealth).
 60716 | Pan      | Found an exit through the horrors of the Abyss.
 60721 | Pan      | 60721 ||| Stepping ~*~*~tactically~*~*~ (hiding).
 60724 | Pan      | 60724 ||| Stepping ~*~*~tactically~*~*~ (hiding).
 60725 | Pan      | 60725 ||| Stepping ~*~*~tactically~*~*~ (hiding).
 60758 | Pan      | 60758 ||| Stepping ~*~*~tactically~*~*~ (hiding).
 60759 | Pan      | 60759 ||| Stepping ~*~*~tactically~*~*~ (hiding).
 60760 | Pan      | 60760 ||| Stepping ~*~*~tactically~*~*~ (hiding).
 60761 | Pan      | 60761 ||| INVOKING Heroism.
 60762 | Pan      | 60762 ||| INVOKING Finesse.
 61018 | Pan      | 61018 ||| READING scroll of enchant weapon.
 61018 | Pan      | 61018 ||| ENCHANTING +8 vampiric broad axe.
 61221 | Pan      | 61221 ||| INVOKING Heroism.
 61295 | Pan      | 61295 ||| INVOKING Heroism.
 61322 | Pan      | 61322 ||| DRINKING 9 potions of cancellation.
 61360 | Pan      | 61360 ||| INVOKING Heroism.
 61400 | Pan      | 61400 ||| DRINKING 8 potions of cancellation.
 61402 | Pan      | Noticed Bupobb the pandemonium lord
 61406 | Pan      | HP: 49/201 [Bupobb the pandemonium lord] (6)]
 61406 | Pan      | Killed from afar by Bupobb the pandemonium lord

Levels and vault maps discovered:
D:1:      wheals_arrival_linesprint, layout_basic
D:2:      layout_basic, basic_altar, hex_large, dreamdust_princess_corridor
D:3:      lemuel_castle_with_subvaults [lemuel_castle_interior_carwin_2],
          layout_rooms, ebering_ecumenical_altar_mist, roderic_serpentine_path,
          hangedman_decor_riveting
D:4:      layout_loops_ring, lemuel_doored_altar,
          nicolae_overflow_hidden_temple, gammafunk_ghost_abyssal_escape,
          feat_on_display
D:5:      layout_basic, nicolae_ru_awakened_eye, serial_shops, shop_statue,
          shop, uniq_sigmund, uniq_grinder, uniq_crazy_yiuf_cottage
D:6:      minmay_diamond_boxcup, layout_cave_pools, temple_hall
D:7:      layout_basic, mainiacjoe_overflow_six_doors_small,
          mainiacjoe_overflow_24_doors, lemuel_tele_altar, minitemple,
          minmay_misc_feat_rugged
D:8:      layout_loops_ring, kiku_gazebo_pond_becter,
          nicolae_qazlal_style_of_elements, makhleb_blood_cavern_becter,
          xom_redecorated, uniq_maurice, uniq_joseph
D:9:      cheibrodos_iron_armory, layout_gridville, grunt_gozag_breadcrumbs,
          kennysheep_generic_room_3
D:10:     lemuel_vampire_tower, layout_basic, lemuel_round_altar, serial_shops,
          nicolae_shop_overgrown_old_shop, uniq_josephine
D:11:     layout_cave_pods, david_lair_generic, grunt_ministairs_15
D:12:     layout_layer_cave, david_orc_4, nicolae_dithmenos_the_darkroom
D:13:     layout_layer_cave, gammafunk_ghost_split, gauntlet_entry_generic
D:14:     layout_irregular_city, grunt_vaults_entry_fortified, minivault_19,
          grunt_decor_arrowhead, chequers_serial_rivers_small_3, uniq_snorg
D:15:     grunt_enter_depths_snipers, layout_irregular_city,
          minmay_misc_feat_more_columns
Temple:   nicolae_temple_superstar
Lair:1:   layout_roguey, serial_forest, infiniplex_forest_end_1,
          infiniplex_forest_straight_2, infiniplex_forest_end_2,
          infiniplex_forest_lined_2, infiniplex_forest_clump_tiny,
          infiniplex_forest_clump_small, uniq_harold
Lair:2:   layout_misc_corridors, nicolae_spider_entry_non_spiders,
          grunt_megastairs_4, uniq_amaemon
Lair:3:   layout_hall_layers, shoals_dummy_entry, grunt_megastairs_2
Lair:4:   layout_layer_cave, slime_entry_1, basic_altar,
          gammafunk_lair_bear_cave
Lair:5:   minmay_lair_end_frog_pond, layout_misc_corridors
Shoals:1: layout_shoals, serial_shops, nicolae_shop_hallway_plus
Shoals:2: argonaut_golden_fleece, layout_shoals,
          nicolae_shoals_nymph_descending_staircase, uniq_nikola
Shoals:3: layout_shoals, serial_shops, nicolae_shop_hallway_stairs,
          uniq_polyphemus, uniq_ilsuiw
Shoals:4: shoals_end_grunt_ice, layout_shoals
Spider:1: layout_spider_delve, drop_trap, nicolae_spider_swamp_cousins,
          hangedman_spider_tarantella_strand
Spider:2: layout_spider_delve
Spider:3: nicolae_spider_hilbert_zone_5 [nicolae_spider_hilbert_3_sides_1_open,
          nicolae_spider_hilbert_4_sides_1_open,
          nicolae_spider_hilbert_4_sides_1_open,
          nicolae_spider_hilbert_6_sides_1_open,
          nicolae_spider_hilbert_6_sides_1_open], uniq_roxanne, uniq_aizul,
          uniq_louise
Spider:4: hellmonk_spider_rune_bug_friends
Orc:1:    layout_diamond_mine, portal_ice_cave_entry_pillars_1, minmay_orc_keep
Orc:2:    kennysheep_orc_mage_school, layout_caves, nooodl_orcs_dogs,
          uniq_saint_roka, uniq_azrael, uniq_donald
Vaults:1: hangedman_vaults_restitches, hangedman_vaults_stitches, v_misc_15,
          nicolae_vaults_circle_grid_b, layout_vaults_quadrants, serial_shops,
          shop_statue
Vaults:2: v_misc_17, nicolae_vaults_disjoint_gnomons, v_misc_33,
          ontoclasm_vaults_hangar, v_misc_24, grunt_vaults_twisty,
          nicolae_vaults_little_squares_1, v_misc_18,
          nicolae_vaults_little_squares_2, dpeg_vaults_monster_box, v_rooms_5,
          vaults_room_grid, layout_vaults_maze, serial_shops,
          nicolae_shop_behind_doors
Vaults:3: v_misc_27, v_misc_32, v_misc_30, nicolae_vaults_little_squares_3,
          kennysheep_vaults_gozag_temple, nicolae_vaults_mini_display_case,
          vaults_room_boxed, minmay_crypt_entry_necro_gods, v_misc_10,
          vaults_room_pools, vaults_room_hallway,
          nicolae_vaults_ring_of_whatevers, nicolae_vaults_specimen_jars,
          layout_vaults_omnibox, uniq_bai_suzhen, uniq_sojobo
Vaults:4: nicolae_vaults_display_case, ontoclasm_vaults_shuriken, v_misc_23,
          v_misc_27, hangedman_vaults_restitches,
          nicolae_vaults_ring_of_whatevers,
          nicolae_vaults_windows_and_doors_thing,
          nicolae_vaults_little_squares_5, v_misc_3, ontoclasm_vaults_gateway,
          vaults_room_grid, layout_vaults_omnicross
Vaults:5: serial_shops
Crypt:1:  layout_rooms, serial_corexii_hall, corexii_hall_statues_s,
          corexii_hall_statues_i, uniq_vv, uniq_khufu
Crypt:2:  ragdoll_tomb_raider, layout_gridlike, grunt_megastairs_5,
          lemuel_elevator
Crypt:3:  evilmike_haunted_forest
Tomb:1
Tomb:2:   uniq_boris
Tomb:3
Depths:1: layout_gridlike, grunt_pan_entry_spiral,
          nicolae_abyss_entry_one_way_or_another, dk_noncrumbling_2,
          serial_shops, nicolae_shop_stone, hell_entry, dk_noncrumbling_3,
          minmay_misc_feat_alley, nicolae_hepliaklqana_hazy_memory,
          serial_bayou_shore_a
Depths:2: hellmonk_paralyzer, layout_basic, hellmouth_1,
          grunt_pan_entry_in_and_out, minmay_shoptagon, uniq_enchantress
Depths:3: minmay_the_grid_octo_triangle [minmay_the_grid_octo_focus,
          minmay_the_grid_octo_prize_single_spiral,
          minmay_the_grid_octo_odd_swirl], layout_basic, enter_ziggurat_b,
          serial_shops, nicolae_shop_trees, abyss_entry_crystal,
          lightli_too_deep, minivault_11, st_stairs_13, minmay_shop_star,
          infiniplex_staircase_x, serial_bayou_shore_b
Depths:4: evilmike_zot_entry_hall, layout_cave_shapes, pf_hell_entry_great_geh,
          nrook_pool_corridor, st_stairs_1
Zot:1:    kennysheep_blocky_hall, layout_misc_corridors, grunt_ministairs_5
Zot:2:    hangedman_zot_vaults_quadrants, layout_concentric_octagons
Zot:3:    layout_gridville, gammafunk_ghost_wrathful_warriors
Zot:4:    layout_gridlike, amethyst_zot_foddershock, uniq_parghit, uniq_tiamat
Pan:      evilmike_mini_pan_pillars_b, layout_irregular_city, rand_demon_6,
          layout_basic, nicolae_pan_mnolegish_5

Skill      XL: |  1  2  3  4  5  6  7  8  9 10 11 12 13 14 15 16 17 18 19 20 21 22 23 24 25 26 27 |
---------------+----------------------------------------------------------------------------------+-----
Axes           | 2 3 4 5 6 7 8 10 12 13 15 16 18 20 | 20.0
Throwing       | 1 2 3 4 5 6 8 9 11 12 13 15 17 | 17.2
Fighting       | 4 5 6 7 8 9 10 11 12 13 15 16 18 19 20 21 23 25 27 | 27.0
Armour         | 4 5 6 8 9 10 11 12 13 14 16 17 18 20 21 22 | 22.2
Dodging        | 1 2 4 5 6 7 8 10 11 13 | 13.0
Shields        | 4 5 6 9 11 12 15 17 18 19 20 21 22 | 22.0
Invocations    | 4 5 9 10 11 | 11.6

Action                   |  1- 3 |  4- 6 |  7- 9 | 10-12 | 13-15 | 16-18 | 19-21 | 22-24 | 25-27 || total
-------------------------+-------+-------+-------+-------+-------+-------+-------+-------+-------++-------
Melee: War axe           |   112 |    12 |       |       |       |       |       |       |       ||   124
       Broad axe         |       |   106 |   287 |   732 |  1196 |  1851 |  1667 |  1748 |  2519 || 10106
       Demon whip        |       |       |       |       |    30 |     1 |       |       |       ||    31
Throw: Javelin           |       |    16 |    51 |    68 |   104 |    63 |    77 |    66 |   222 ||   667
       Boomerang         |       |     4 |     5 |     5 |    98 |    67 |    31 |       |    70 ||   280
Invok: Heroism           |       |       |       |    27 |    35 |    60 |    42 |    54 |    71 ||   289
       Finesse           |       |       |       |     1 |     6 |    19 |     4 |    16 |    10 ||    56
  Use: Scroll            |    14 |     3 |     9 |     3 |     4 |     2 |     2 |     4 |    34 ||    75
       Potion            |       |     1 |     5 |     3 |       |     1 |     1 |     6 |    26 ||    43
 Stab: Paralysed         |       |       |       |     1 |       |       |     1 |       |       ||     2
       Petrified         |       |       |       |       |       |     6 |       |       |       ||     6
       Petrifying        |       |       |       |       |       |     4 |     1 |       |       ||     5
       Invisible         |       |       |       |       |       |       |       |     2 |       ||     2
Armor: Scale mail        |    65 |       |       |       |       |       |       |       |       ||    65
       Plate armour      |     2 |   124 |   210 |   510 |   516 |   651 |   665 |   707 |    44 ||  3429
       Gold dragon scale |       |       |       |       |       |       |       |       |  1559 ||  1559
Dodge: Dodged            |    44 |    40 |    84 |   262 |   446 |   535 |   670 |   440 |  1059 ||  3580
Block: Buckler           |    16 |    30 |    59 |   110 |       |       |       |       |       ||   215
       Kite shield       |       |       |       |   118 |   598 |       |       |       |       ||   716
       Reflection        |       |       |       |     6 |     7 |       |       |       |       ||    13
       Tower shield      |       |       |       |       |   234 |  1604 |  1661 |  1501 |  2857 ||  7857

Table legend:
 A = Non-vault XP
 B = Vault XP
 C = Vault XP percentage of total XP
 D = Non-vault monster count
 E = Vault monster count
 F = Vault count percentage of total count
                 A         B        C        D         E       F
            +---------+---------+-------+---------+---------+-------
      Total |  749391 |  701129 |  48.3 |    1483 |    1021 |  40.8
            +---------+---------+-------+---------+---------+-------
        D:1 |      44 |       0 |   0.0 |      23 |       0 |   0.0
        D:2 |      46 |       0 |   0.0 |      21 |       0 |   0.0
        D:3 |      60 |     652 |  91.6 |       9 |      48 |  84.2
        D:4 |     565 |       0 |   0.0 |      25 |       0 |   0.0
        D:5 |     686 |     534 |  43.8 |       9 |       2 |  18.2
        D:6 |     663 |     307 |  31.6 |      14 |       8 |  36.4
        D:7 |     887 |       0 |   0.0 |      15 |       0 |   0.0
        D:8 |     963 |    1060 |  52.4 |      19 |       4 |  17.4
        D:9 |    1445 |    2002 |  58.1 |      22 |       5 |  18.5
       D:10 |     574 |   11420 |  95.2 |       3 |      52 |  94.5
       D:11 |    2985 |    1340 |  31.0 |      22 |      10 |  31.2
       D:12 |    8056 |     629 |   7.2 |      26 |      16 |  38.1
       D:13 |    3007 |       0 |   0.0 |      12 |       0 |   0.0
       D:14 |   12902 |    8068 |  38.5 |      25 |      11 |  30.6
       D:15 |    9862 |    2755 |  21.8 |      18 |       3 |  14.3
     Lair:1 |   11395 |    2022 |  15.1 |      36 |       4 |  10.0
     Lair:2 |    5403 |    4480 |  45.3 |      19 |      16 |  45.7
     Lair:3 |    2817 |     131 |   4.4 |       5 |       1 |  16.7
     Lair:4 |    5041 |     487 |   8.8 |      17 |       3 |  15.0
     Lair:5 |   13010 |   10663 |  45.0 |      48 |      35 |  42.2
   Shoals:1 |   15322 |       0 |   0.0 |      29 |       0 |   0.0
   Shoals:2 |   17670 |    6888 |  28.0 |      37 |       9 |  19.6
   Shoals:3 |   12276 |    8798 |  41.7 |      30 |      10 |  25.0
   Shoals:4 |   15188 |   20636 |  57.6 |      29 |      35 |  54.7
   Spider:1 |   23629 |    3248 |  12.1 |      61 |      12 |  16.4
   Spider:2 |   16225 |       0 |   0.0 |      44 |       0 |   0.0
   Spider:3 |   20222 |    7125 |  26.1 |      52 |      10 |  16.1
   Spider:4 |   15582 |   19111 |  55.1 |      36 |      29 |  44.6
      Orc:1 |    4398 |     261 |   5.6 |      34 |       9 |  20.9
      Orc:2 |    2270 |   16894 |  88.2 |      27 |      67 |  71.3
   Vaults:1 |   21906 |    6768 |  23.6 |      30 |      11 |  26.8
   Vaults:2 |   33099 |   22522 |  40.5 |      48 |      33 |  40.7
   Vaults:3 |   27685 |   32660 |  54.1 |      43 |      34 |  44.2
   Vaults:4 |   28455 |   43051 |  60.2 |      46 |      55 |  54.5
   Vaults:5 |    7441 |   83769 |  91.8 |       8 |      67 |  89.3
    Crypt:1 |   36089 |   11036 |  23.4 |      55 |       5 |   8.3
    Crypt:2 |   28484 |   16565 |  36.8 |      43 |      16 |  27.1
    Crypt:3 |       0 |   56628 | 100.0 |       0 |      96 | 100.0
     Tomb:1 |    4544 |   41014 |  90.0 |      14 |      49 |  77.8
     Tomb:2 |    1917 |   18483 |  90.6 |      10 |      27 |  73.0
     Tomb:3 |   10097 |   74033 |  88.0 |      18 |      77 |  81.1
   Depths:1 |   32478 |    1009 |   3.0 |      43 |       1 |   2.3
   Depths:2 |   25475 |   31972 |  55.7 |      37 |      35 |  48.6
   Depths:3 |   12688 |   27646 |  68.5 |      15 |      23 |  60.5
   Depths:4 |   16045 |   16600 |  50.9 |      21 |      13 |  38.2
      Zot:1 |   40803 |    6344 |  13.5 |      36 |       5 |  12.2
      Zot:2 |   34953 |   35674 |  50.5 |      27 |      30 |  52.6
      Zot:3 |   36041 |       0 |   0.0 |      29 |       0 |   0.0
      Zot:4 |   44395 |   26515 |  37.4 |      35 |      17 |  32.7
    Abyss:2 |   54555 |       0 |   0.0 |     125 |       0 |   0.0
        Pan |   29048 |   14988 |  34.0 |      33 |      13 |  28.3
   Gauntlet |       0 |    4341 | 100.0 |       0 |      15 | 100.0
            +---------+---------+-------+---------+---------+-------
